Cogmind - Beta 11.1 @@@ ROGUE MODE // 2022.09.15 @ 13:42:17 // Winter2019/RPGLIKE Player: Benkyo Result: Heading to fleet! Performance ------------- Evolutions (9) 4500 Regions Visited (40) 8000 Robots Destroyed (1984) 9920 Value Destroyed (116259) 116259 Prototype IDs (312) 6240 Alien Tech Used (14) 2800 Bonus (175922) 175922 TOTAL SCORE: 323641 Bonus ------- Triggered High Security 4000 Triggered Max Security 2000 High Alert Combat Kills 106947 Follower Combat Kills 3031 Network Hubs Disabled 800 Aligned with FarCom 300 Met Data Miner 300 Met Zhirov 300 Met Warlord at Base 500 MAIN.C Attacked Warlord 500 Warlord Defense Kills 3652 A7 Reached Mainframe 300 Met R17 at Cetus 500 Found Hidden Lab 3000 Used Core Reset Matrix 3000 Met Warlord at Research 2000 Scanned by Researcher 1000 Pursued by Intercept 1000 Integrated Exoskeleton 5000 Destroyed MAIN.C Guards 500 Met MAIN.C 5000 Destroyed MAIN.C Shell 5000 Destroyed MAIN.C 10000 Met Architect 300 Destroyed A8 300 Destroyed A6 400 Destroyed A5 500 Destroyed A4 700 Destroyed A3 800 Destroyed A2 1000 Destroyed Architect 15000 Win 3000 Friendly Fire -4708 Cogmind --------- Core Integrity 890/1000 Matter 280/300 Energy 724/730 System Corruption 0% Temperature Cool (0) Movement Walking (30) Location To Fleet Rendezvous Parts ------- > --- POWER (2) -------- Zero-point Reactor Zero-point Reactor > --- PROPULSION (4) --- Sigix Exoskeleton Cooled Q-thruster > --- UTILITY (8) ------ Experimental Core Analyzer Improved Armor Integrity Analyzer Quantum Capacitor Experimental Phase Shifter AEGIS Remote Shield Architect God Chip A Architect God Chip D > --- WEAPON (3) ------- Gatling Beam Sigix Shearcannon > --- INVENTORY (7) ---- Protomatter-77 Experimental Energy Well (600) Experimental Energy Well (600) Architect God Chip D High-powered Transdimensional Reconstructor Peak State ------------ > --- POWER ------------ Zero-point Reactor Zero-point Reactor > --- PROPULSION ------- Sigix Exoskeleton Improved Q-thruster > --- UTILITY ---------- Experimental Core Analyzer Improved Armor Integrity Analyzer Quantum Capacitor Experimental Phase Shifter AEGIS Remote Shield Architect God Chip A Architect God Chip D > --- WEAPON ----------- Cooled Nova Cannon Sigix Shearcannon > --- INVENTORY -------- Protomatter Experimental Energy Well Experimental Energy Well Architect God Chip D Architect God Chip D High-powered Transdimensional Reconstructor High-powered Transdimensional Reconstructor [Rating: 308] Favorites ----------- Power Hybrid Antimatter Reactor Engine Improved Ion Engine Power Core Micro Fission Core Reactor Hybrid Antimatter Reactor Propulsion Improved Diametric Drive Treads Light Treads Leg Aluminum Leg Hover Unit Cooled Linear Gravjet Flight Unit Improved Diametric Drive Utility Experimental Core Analyzer Device Nanoactuators Storage Compact Battery Processor Experimental Core Analyzer Hackware Architect God Chip D Protection Light Regenerative Plating Weapon CL-ANK's Mallet Energy Gun Small Laser Energy Cannon Sigix Shearcannon Ballistic Gun 8R-AWN's Boregun Ballistic Cannon Heavy Mass Driver Launcher Long-range Missile Launcher Special Weapon Plasma Cutter Impact Weapon CL-ANK's Mallet Slashing Weapon Molecular Scythe Piercing Weapon Vortex Lance Special Melee Weapon Advanced Datajack Build | -11 -10 -10 -9 -9 -9 -8 -8 -7 -7 -7 -7 -6 -6 -6 -6 -6 -6 -5 -5 -5 -5 -5 -5 -4 -4 -4 -4 -4 -4 -4 -3 -3 -3 -3 -2 -2 -2 -1 -1 -1 ------- Run | Scr Mat Min Mat Min Exi Min Mat Fac Low Low Dat Pro Fac Ext Cet Arc Hub Fac Was Fac Upp Upp War Pro Fac Was Fac Upp Upp Zhi Pro Res Arm Lab Res Tes Sec Acc Com Ac0 Slots Evolved 23 | 3 1 3 1 1 . 1 3 3 . . . . . . . . . . . . . . . . . . . . . . . . . . . . 4 1 1 1 Power 2 | . . . . . . . 1 . . . . . . . . . . . . . . . . . . . . . . . . . . . . . 1 . . . Propulsion 6 | 1 . 1 1 . . . 1 1 . . . . . . . . . . . . . . . . . . . . . . . . . . . . . . . 1 Utility 12 | 1 1 1 . . . 1 1 2 . . . . . . . . . . . . . . . . . . . . . . . . . . . . 3 1 1 . Weapon 3 | 1 . 1 . 1 . . . . . . . . . . . . . . . . . . . . . . . . . . . . . . . . . . . . Parts Attached 579 | 7 8 4 32 2 24 5 12 13 8 1 . 1 20 6 . 2 5 12 6 36 2 3 23 5 14 . 30 2 . 9 3 3 42 4 45 54 29 37 45 25 Power 38 | 1 1 . 2 . . 1 1 6 . . . 1 2 . . . . . . 2 . . 3 . 1 . 2 . . 2 1 . 6 . 1 . 3 . 2 . Engine 5 | 1 1 . 2 . . . . 1 . . . . . . . . . . . . . . . . . . . . . . . . . . . . . . . . Core 10 | . . . . . . . 1 5 . . . 1 1 . . . . . . 1 . . 1 . . . . . . . . . . . . . . . . . Reactor 23 | . . . . . . 1 . . . . . . 1 . . . . . . 1 . . 2 . 1 . 2 . . 2 1 . 6 . 1 . 3 . 2 . Propulsion 52 | 2 . 1 11 . 2 . 8 1 . . . . 3 . . . . 2 . 4 . . 2 . 5 . 1 . . . . . 1 . 2 4 . . . 3 Treads 6 | . . . 6 . . . . . . . . . . . . . . . . . . . . . . . . . . . . . . . . . . . . . Leg 6 | 2 . 1 1 . 1 . . . . . . . . . . . . . . . . . . . . . . . . . . . . . . 1 . . . . Wheel . | . . . . . . . . . . . . . . . . . . . . . . . . . . . . . . . . . . . . . . . . . Hover 1 | . . . . . . . . . . . . . . . . . . . . . . . . . . . . . . . . . . . . . . . . 1 Flight 39 | . . . 4 . 1 . 8 1 . . . . 3 . . . . 2 . 4 . . 2 . 5 . 1 . . . . . 1 . 2 3 . . . 2 Utility 376 | 2 3 1 7 1 10 3 2 6 6 1 . . 12 6 . 2 5 9 5 24 2 . 7 5 4 . 22 2 . 7 2 3 34 4 40 37 22 35 35 10 Device 303 | 2 2 1 1 1 7 2 1 6 5 1 . . 8 5 . 1 3 3 3 20 1 . 4 4 3 . 21 2 . 6 2 3 34 4 34 33 16 31 27 6 Storage 5 | . . . . . . . . . 1 . . . . . . . 1 1 . . . . 1 . . . . . . . . . . . . . 1 . . . Processor 34 | . . . 2 . 2 1 1 . . . . . 1 . . . . . . . . . . . 1 . . . . . . . . . 6 4 4 4 8 . Hackware 3 | . . . . . . . . . . . . . . . . . . . . . . . . . . . . . . . . . . . . . . . . 3 Protection 31 | . 1 . 4 . 1 . . . . . . . 3 1 . 1 1 5 2 4 1 . 2 1 . . 1 . . 1 . . . . . . 1 . . 1 Artifact . | . . . . . . . . . . . . . . . . . . . . . . . . . . . . . . . . . . . . . . . . . Weapon 113 | 2 4 2 12 1 12 1 1 . 2 . . . 3 . . . . 1 1 6 . 3 11 . 4 . 5 . . . . . 1 . 2 13 4 2 8 12 Energy Gun 9 | 2 . . . . . . . . . . . . . . . . . . . . . 1 . . . . . . . . . . . . . 2 . . . 4 Energy Cannon 18 | . 2 . . . 3 . . . . . . . . . . . . . . . . . . . . . . . . . . . . . . 2 2 1 6 2 Ballistic Gun 40 | . 2 . 9 1 6 . 1 . 1 . . . . . . . . 1 . 2 . . 4 . . . 3 . . . . . 1 . . 4 2 . . 3 Ballistic Cannon 2 | . . . . . . . . . . . . . . . . . . . . . . . . . . . 1 . . . . . . . . . . . . 1 Launcher 27 | . . 2 3 . 1 . . . . . . . 3 . . . . . 1 2 . 2 5 . 3 . 1 . . . . . . . 1 1 . . 2 . Special Weapon 7 | . . . . . 2 . . . 1 . . . . . . . . . . 2 . . . . . . . . . . . . . . 1 . . 1 . . Impact Weapon 4 | . . . . . . 1 . . . . . . . . . . . . . . . . . . . . . . . . . . . . . 3 . . . . Slashing Weapon 2 | . . . . . . . . . . . . . . . . . . . . . . . . . . . . . . . . . . . . 1 . . . 1 Piercing Weapon 3 | . . . . . . . . . . . . . . . . . . . . . . . 2 . . . . . . . . . . . . . . . . 1 Special Melee Weapon 1 | . . . . . . . . . . . . . . . . . . . . . . . . . 1 . . . . . . . . . . . . . . . Unidentified Prototypes 65 | . . . 1 . 7 2 . . . . . . 1 . . . 1 . . . . . 8 . . . . . . 4 . . 1 3 6 11 3 2 8 7 Corrupted Parts 3 | . . . . . . . . . . . . . . . . . 1 1 . . . . . . . . . . . . . . 1 . . . . . . . System Corruption 18 | . . . . . . . . . . . . . . . . . 10 5 . . . . . . . . . . . . . . 3 . . . . . . . Parts Lost 3 | . . . . . . . . 1 . . . . . . . . . . . 1 . . . . . . . . . . . . 1 . . . . . . . Power 2 | . . . . . . . . 1 . . . . . . . . . . . . . . . . . . . . . . . . 1 . . . . . . . Propulsion . | . . . . . . . . . . . . . . . . . . . . . . . . . . . . . . . . . . . . . . . . . Utility 1 | . . . . . . . . . . . . . . . . . . . . 1 . . . . . . . . . . . . . . . . . . . . Weapon . | . . . . . . . . . . . . . . . . . . . . . . . . . . . . . . . . . . . . . . . . . Highest Loss Streak 1 | . . . . . . . . 1 . . . . . . . . . . . 1 . . . . . . . . . . . . 1 . . . . . . . To Critical Strikes . | . . . . . . . . . . . . . . . . . . . . . . . . . . . . . . . . . . . . . . . . . Average Slot Usage (%) 91 | . 99 97 99 100 99 92 92 93 93 95 95 95 94 95 95 95 94 95 94 93 95 95 94 95 94 95 94 95 95 94 94 95 94 94 94 94 85 70 71 73 Engine 1 | . 12 9 8 7 7 . . . . . . . . . . . . . . . . . . . . . . . . . . . . . . . . . . . Core 2 | . . . . . . . 1 4 5 5 5 5 5 5 5 5 5 5 5 5 5 5 4 5 4 . . . . . . . . . . . . . . . Reactor 6 | . . . . . . 6 5 5 5 5 5 5 5 5 5 5 5 5 5 5 5 5 5 5 5 10 9 10 10 9 9 10 9 10 10 10 12 14 13 11 Leg 3 | . 26 27 6 . . . . . . . . . . . . . . . . . . . . . . . . . . . . . . . . . 2 7 6 5 Flight 21 | . . . 10 30 29 28 27 31 30 30 30 30 30 30 30 30 30 30 30 28 30 30 29 30 30 30 29 30 30 30 30 30 29 30 29 29 17 . . . Device 21 | . 32 20 19 17 15 20 18 19 20 24 25 25 20 20 20 20 23 22 21 23 20 20 20 25 21 20 19 20 20 23 25 25 25 24 24 24 26 23 22 17 Processor 14 | . . . 7 7 9 14 18 15 15 15 15 15 15 15 15 15 15 15 15 15 15 15 15 15 18 20 20 20 20 17 15 15 15 15 15 15 14 15 22 18 Protection 1 | . . 9 8 5 4 . . . . . . . 4 5 5 4 . 2 3 1 5 5 4 . . . . . . . . . . . . . . . . . Energy Cannon 2 | . 23 . . . 1 . . . . . . . . . . . . . . . . . . . . . . . . . . . . . . . 3 7 6 9 Ballistic Gun 6 | . 1 19 24 29 26 8 5 5 5 5 5 5 5 5 5 5 5 5 5 4 5 5 3 5 5 5 5 5 5 5 5 5 5 5 5 4 2 . . . Launcher 3 | . . 9 1 . . 7 5 5 5 5 5 5 5 5 5 5 5 5 5 4 5 4 4 5 4 5 5 5 5 5 5 5 5 5 5 . . . . . Impact Weapon 3 | . . . . . . 6 5 5 5 5 5 5 5 5 5 5 5 5 5 5 5 5 5 5 5 5 5 5 5 5 5 5 5 5 5 9 5 . . . Naked Turns . | . . . . . . . . . . . . . . . . . . . . . . . . . . . . . . . . . . . . . . . . . Heaviest Build 90 | 9 18 22 26 27 35 35 40 46 42 43 43 45 52 55 52 52 52 52 53 59 53 53 62 61 59 58 63 60 60 62 65 65 67 66 66 65 77 78 81 90 Greatest Support 125 | 20 20 30 65 30 42 30 40 45 45 45 45 45 52 52 52 52 52 52 57 60 59 59 63 63 67 67 67 67 67 67 67 67 67 67 67 125 95 95 95 95 Greatest Overweight (x) 2 | . . 1 . . 1 1 1 1 . . . 2 . 2 . . . 1 . 1 . . 2 . . . . . . . 2 . 2 . 1 1 . . . . Average Overweight (x) . | . . . . . . . . . . . . . . . . . . . . . . . . . . . . . . . . . . . . . . . . . Largest Inventory Capacity 7 | 1 1 1 3 3 3 3 3 4 4 4 4 4 5 6 6 6 6 6 6 6 6 6 7 7 7 7 7 7 7 7 7 7 7 7 7 7 7 7 7 7 Average Capacity 5 | . 1 1 2 3 3 3 3 3 4 4 4 4 4 5 6 6 6 6 6 6 6 6 6 7 7 7 7 7 7 7 7 7 7 7 7 7 7 7 7 7 Most Carried 7 | 1 1 1 3 3 3 3 3 4 4 4 4 4 5 6 6 5 6 6 6 6 6 6 7 7 7 7 7 7 7 7 7 7 7 7 7 7 7 7 7 7 Average Carried 5 | . . 1 2 2 2 3 3 3 3 4 4 4 4 5 5 4 5 5 5 5 6 6 6 7 6 6 6 6 6 6 6 6 6 4 6 6 6 6 6 6 Final Capacity 7 | 1 1 1 3 3 3 3 3 4 4 4 4 4 5 6 6 6 6 6 6 6 6 6 7 7 7 7 7 7 7 7 7 7 7 7 7 7 7 7 7 7 Final Carried 7 | 1 1 1 3 3 3 3 3 4 4 4 4 4 5 6 6 5 6 6 6 6 6 6 7 7 7 7 7 7 7 7 7 7 7 7 7 6 6 7 6 5 Class Distribution -------------------- 36% | Scavenger-Scout 17% | Alien-Sigix 11% | Scavenger-Ninja 10% | Scavenger-Sprinter 7% | Skirmisher 3% | Scout 3% | Scavenger-Gladiator Dominant Class ---------------- Skirmisher | -10/Materials Skirmisher | -10/Mines Scavenger-Skirmisher | -9/Materials Scout | -9/Mines Sprinter | -9/Exiles Scavenger-Gladiator | -8/Mines Scavenger-Scout | -8/Materials Scavenger-Scout | -7/Factory Scavenger-Ninja | -7/Lower Caves Scavenger-Ninja | -7/Lower Caves Scavenger-Ninja | -7/Data Miner Scavenger-Gladiator | -6/Proximity Caves Scavenger-Scout | -6/Factory Commander-Scout | -6/Extension Scavenger-Scout | -6/Cetus Scavenger-Scout | -6/Archives Scavenger-Ninja | -6/Hub_04(d) Scavenger-Scout | -5/Factory Scavenger-Scout | -5/Waste Scavenger-Scout | -5/Factory Scavenger-Scout | -5/Upper Caves Scavenger-Scout | -5/Upper Caves Scavenger-Sprinter | -5/Warlord Scavenger-Scout | -4/Proximity Caves Scavenger-Scout | -4/Factory Scavenger-Scout | -4/Waste Scavenger-Sprinter | -4/Factory Scavenger-Scout | -4/Upper Caves Scavenger-Scout | -4/Upper Caves Scavenger-Scout | -4/Zhirov Scavenger-Scout | -3/Proximity Caves Scavenger-Scout | -3/Research Scavenger-Sprinter | -3/Armory Scavenger-Sprinter | -3/Lab Scavenger-Scout | -2/Research Scavenger-Ninja | -2/Testing Alien-Sigix | -2/Section 7 Alien-Sigix | -1/Access Alien-Sigix | -1/Command Alien-Sigix | -1/Access_0 Resources | -11 -10 -10 -9 -9 -9 -8 -8 -7 -7 -7 -7 -6 -6 -6 -6 -6 -6 -5 -5 -5 -5 -5 -5 -4 -4 -4 -4 -4 -4 -4 -3 -3 -3 -3 -2 -2 -2 -1 -1 -1 ----------- Run | Scr Mat Min Mat Min Exi Min Mat Fac Low Low Dat Pro Fac Ext Cet Arc Hub Fac Was Fac Upp Upp War Pro Fac Was Fac Upp Upp Zhi Pro Res Arm Lab Res Tes Sec Acc Com Ac0 Matter Collected 15831 | 270 80 412 2036 427 859 300 143 758 100 30 . 10 736 90 . 68 75 182 190 1816 380 225 824 80 175 190 1611 90 15 100 45 19 708 . 540 664 488 370 450 275 Remotely 3225 | 98 80 412 2030 427 148 . . . . . . . . . . . . . . . . . . . . . . . . . . . . . . 30 . . . . Salvage Created 122689 | 118 450 669 2100 240 315 289 1946 6462 974 520 . 570 6494 1518 723 138 1012 1896 1510 4565 489 280 1545 454 2118 640 6436 1115 154 102 2992 19 8131 . 1069 1024 5775 17436 36898 3503 Parts 5151 | 9 32 23 137 14 76 18 114 315 33 20 . 65 367 76 27 19 54 96 10 226 26 20 55 40 122 7 288 52 8 . 126 2 261 . 27 45 275 623 1178 265 Haulers Intercepted 48 | . 2 . 6 . . . 6 5 . . . . 6 . . . 1 2 . 4 . . . . 1 . 5 . . . . . . . 3 1 2 4 . . Recyclers Shooed 3 | . . . 2 . . . . 1 . . . . . . . . . . . . . . . . . . . . . . . . . . . . . . . . Parts Field Recycled . | . . . . . . . . . . . . . . . . . . . . . . . . . . . . . . . . . . . . . . . . . Retrieved Matter . | . . . . . . . . . . . . . . . . . . . . . . . . . . . . . . . . . . . . . . . . . Parts Self-Destructed 380 | . . . . . . . . . 27 22 . 69 . . . . . . . . 23 16 . 40 . . . 52 8 . 123 . . . . . . . . . Prevented . | . . . . . . . . . . . . . . . . . . . . . . . . . . . . . . . . . . . . . . . . . Kills | -11 -10 -10 -9 -9 -9 -8 -8 -7 -7 -7 -7 -6 -6 -6 -6 -6 -6 -5 -5 -5 -5 -5 -5 -4 -4 -4 -4 -4 -4 -4 -3 -3 -3 -3 -2 -2 -2 -1 -1 -1 ------- Run | Scr Mat Min Mat Min Exi Min Mat Fac Low Low Dat Pro Fac Ext Cet Arc Hub Fac Was Fac Upp Upp War Pro Fac Was Fac Upp Upp Zhi Pro Res Arm Lab Res Tes Sec Acc Com Ac0 Combat Hostiles Destroyed 2084 | . 12 9 43 16 2 4 42 155 25 17 . 21 158 32 10 3 11 33 5 126 15 18 36 16 29 4 143 23 4 . 40 . 144 . 4 7 73 235 521 48 Melee 835 | . . . . . . . 42 145 19 10 . 21 128 32 10 . 7 31 . 58 4 3 . 11 22 . 80 19 4 . 40 . 124 . 4 5 16 . . . Guns 101 | . . 9 43 16 1 3 . 4 . . . . 1 . . 3 . . . 2 . . 11 . 1 . 3 . . . . . 3 . . 1 . . . . Cannons 870 | . 12 . . . 1 . . . . . . . . . . . . . . . . . . . . . . . . . . . . . . . 57 231 521 48 AOE 275 | . . . . . . 1 . 6 6 7 . . 29 . . . 3 2 5 66 11 15 25 5 6 4 60 4 . . . . 17 . . . . 3 . . Classes Destroyed 34 | 3 5 . 4 2 2 . 4 2 1 . . 1 3 . . . . 1 1 . . . . . . . . . . . . . 1 . . 1 3 . . . Worker 45 | 1 . . . . . . . 1 . . . . . . . . 10 3 . 1 . . . . 2 . 2 . . . . . . . . . 1 11 13 . Builder 26 | . . . 1 . . . . 3 . . . . . . . . 2 . . . . . . . 2 . 1 . . . . 1 . . . 1 3 12 . . Tunneler 10 | 2 . . 1 . . . . 6 . . . . . . . . . . . . . . . . . . . . . . . . . . . . . 1 . . Hauler 48 | . 2 . 6 . . . 6 5 . . . . 6 . . . 1 2 . 4 . . . . 1 . 5 . . . . . . . 3 1 2 4 . . Recycler 35 | 1 . 1 3 . . . 1 6 . . . . . . . . . . . 2 . . . . 1 . 2 . . . 2 . . . 2 3 1 4 6 . Carrier 18 | . . . . . . . . . . . . . 2 . . . . . . . . . . . 1 . . . . . . . 1 . . . . 9 5 . Minesweeper 5 | . . . . . . . . . . . . 2 . . . . . . . . 1 1 . . . . . 1 . . . . . . . . . . . . Mechanic 52 | . . . 1 . . . 1 9 . . . . 6 . . . . . . 3 . . 1 . . . 7 . . . . . 2 . . 1 . 10 11 . Operator 22 | . 1 . 1 . . . 2 2 . . . . 1 1 . 1 2 1 . . . . . . . . 5 . . . . . 1 . . 1 . . 3 . Drone 8 | . . . . . . . . . . . . . . . . . . 1 . 1 . . . . . . . . . . . . . . . 4 . . 2 . Turret 1 | . . . . . 1 . . . . . . . . . . . . . . . . . . . . . . . . . . . . . . . . . . . Watcher 86 | . 3 . 5 . . . 5 3 . . . . 3 2 1 . 4 8 . 7 . . . . 8 . 7 . . . 2 . 5 . 5 2 3 5 8 . Swarmer 243 | . 3 . 14 7 . . 8 18 7 8 . 4 17 2 . . 2 . . 8 9 12 9 7 4 . 14 7 . . 6 . 20 . . . 5 20 32 . Cutter 19 | . . . . . . . 2 . . . . . . . . . 3 3 . . . . . . . . . . . . . . . . . . . . 11 . Saboteur 55 | . . . . . . . . . . . . . 4 . . . . . . 13 . . . . 1 . 3 . . . . . 5 . . . 2 10 17 . Grunt 682 | . 9 9 17 1 . 3 19 61 7 4 . 5 48 12 . . . 14 . 38 2 2 19 4 13 . 67 12 2 . 12 . 54 . 1 . 13 87 147 . Brawler 107 | . . . . . . . 1 5 2 3 . 3 11 3 . . . 1 . 5 1 1 2 . 1 . 6 . . . 4 . 10 . . . 3 15 30 . Duelist 84 | . . . 2 . . . . 4 1 1 . 1 5 . . . . . . 8 . 1 1 . 1 . 9 . . . 4 . 5 . . . 3 9 29 . Protector 77 | . . . . . . . . 12 . . . . 5 1 . . 1 1 . 4 . . 1 . . . 5 . . . 1 . 9 . . . 4 11 22 . Researcher 12 | . . . . . . . . . . . . . . . . . . . . . . . . . . . . . . . . . . . . 2 10 . . . Sentry 168 | . . . 10 . . . 9 13 2 . . 1 12 11 2 3 4 6 . 12 1 1 . 2 2 . 9 2 1 . 7 . 14 . 1 . 8 29 6 . Demolisher 17 | . . . . 2 . . . . . . . . . . . . . . . . . . . . . . . . . . . . 4 . . . . . 11 . Specialist 30 | . . . . . . . . . . . . . 2 . . . . . . . . . 2 . . . . . . . . . 2 . . . . . 24 . Hunter 197 | . . . . . . . 2 28 . 1 . 3 33 1 . . . 6 . 21 2 1 . . . . 11 2 . . 2 . 8 . 2 . 5 8 61 . Programmer 190 | . . . . . . . . 14 1 . . 3 21 . . . . . . 13 . . 2 2 6 . 14 . . . 2 . 10 . . . 11 18 73 . Heavy 19 | . . . . . . . 1 . . . . . . . . . 1 1 . 2 . . . . 1 . 3 . . . . . 2 . . . 3 3 2 . Q-Series 2 | . . . . . . . . . . . . . . . . . . . . . . . . . . . . . . . . . . . . 2 . . . . Behemoth 21 | . . . . . . . . . 1 . . 1 . 2 . . . . . 1 . . . 1 . . 2 . 1 . 2 . 1 . . . . 5 4 . Compactor 9 | . . . . . . . . . . . . . . . . . . . 5 . . . . . . 4 . . . . . . . . . . . . . . Cetus Guard 8 | . . . . . . . . . . . . . . . 8 . . . . . . . . . . . . . . . . . . . . . . . . . S7 Guard 2 | . . . . . . . . . . . . . . . . . . . . . . . . . . . . . . . . . . . . . 2 . . . M Guard 2 | . . . . . . . . . . . . . . . . . . . . . . . . . . . . . . . . . . . . . . . 2 . M Shell/Atk 4 | . . . . . . . . . . . . . . . . . . . . . . . . . . . . . . . . . . . . . . . 4 . M Shell/Def 4 | . . . . . . . . . . . . . . . . . . . . . . . . . . . . . . . . . . . . . . . 4 . Enhanced Grunt 29 | . . . . . . . . . . . . . . . . . . . . . . . . . . . . . . . . . . . . . . . . 29 Enhanced Sentry 4 | . . . . . . . . . . . . . . . . . . . . . . . . . . . . . . . . . . . . . . . . 4 Enhanced Hunter 8 | . . . . . . . . . . . . . . . . . . . . . . . . . . . . . . . . . . . . . . . . 8 Tracker 4 | . . . . . . . . . . . . . . . . . . . . . . . . . . . . . . . . . . . . . 2 2 . . Combat Programmer 6 | . . . . . . . . . . . . . . . . . . . . . . . . . . . . . . . . . . . . . 2 2 2 . Investigator 6 | . . . . . . . . . . . . . . . . . . . . . . . . . . . . . . . . . 1 . . . 1 2 2 . Striker 25 | . . . . . . . . . . . . . . . . . . . . . . . . . . . . . . . . . . . . . 5 7 13 . Executioner 33 | . . . . . . . . . . . . . . . . . . . . . . . . . . . . . . . . . . . . . 3 9 21 . Alpha 7 4 | . . . . . . . . . . . . . . . . . . . . . . . . . . . . . . . . . . . . . 2 . 2 . Protovariant L 1 | . . . . . . . . . . . . . . . . . . . . . . . . . . . . . . . . . . . . 1 . . . . Zionite 8 | . . . . . 8 . . . . . . . . . . . . . . . . . . . . . . . . . . . . . . . . . . . Assembled 15 | . . . . 6 1 . . . . . . . . . . . . . . . . . . . . . . . . . . . . . . . . 7 1 . Wasp 3 | . . . . . . . . . . . . . . . . . . . . . . . . . . 3 . . . . . . . . . . . . . . Thug 5 | . . . . . . . . . 4 . . . . . . . . . . . . . 1 . . . . . . . . . . . . . . . . . Best Kill Streak 82 | 3 5 2 11 8 6 3 9 21 7 8 . 9 19 9 5 4 20 15 5 32 6 4 12 7 8 4 27 7 3 . 11 1 24 . 5 6 61 55 82 9 Combat Bots Only 73 | . 4 2 9 8 1 3 6 19 7 8 . 9 18 8 4 3 4 13 5 32 5 4 12 7 7 4 23 7 3 . 9 . 20 . 2 4 47 39 73 9 Max Kills in Single Turn 9 | 1 1 1 3 2 1 1 1 5 3 4 . 1 7 1 1 1 9 3 2 4 4 3 4 3 5 4 7 4 1 . 1 1 3 . 1 1 4 4 5 2 Gunslinging 2 | . . . 2 1 . . . . . . . . . . . . . . . . . . . . . . . . . . . . . . . . . . . . Exploded 5 | . . . . . . 1 . 2 3 4 . . 5 . . . 2 1 2 3 4 3 4 3 2 1 5 4 . . . . 3 . . . . 1 . . Melee 1 | . . . . . . . 1 1 1 1 . 1 1 1 1 . 1 1 . 1 1 1 . 1 1 . 1 1 1 . 1 . 1 . 1 1 1 . . . Uniques/NPCs Destroyed 16 | . . 1 . . 4 1 . . . . . . . . 1 . . . . . . . . . . . . . . . . . . . . . . . 2 7 YI-UF0 (-10/Mines) 8R-AWN (-9/Exiles) EX-BIN (-9/Exiles) EX-DEC (-9/Exiles) EX-HEX (-9/Exiles) CL-ANK (-8/Mines) A7 (-6/Cetus) MAIN.C Shell (-1/Command) MAIN.C (-1/Command) A8 (-1/Access_0) A6 (-1/Access_0) A5 (-1/Access_0) A2 (-1/Access_0) A4 (-1/Access_0) Architect (-1/Access_0) A3 (-1/Access_0) Combat | -11 -10 -10 -9 -9 -9 -8 -8 -7 -7 -7 -7 -6 -6 -6 -6 -6 -6 -5 -5 -5 -5 -5 -5 -4 -4 -4 -4 -4 -4 -4 -3 -3 -3 -3 -2 -2 -2 -1 -1 -1 -------- Run | Scr Mat Min Mat Min Exi Min Mat Fac Low Low Dat Pro Fac Ext Cet Arc Hub Fac Was Fac Upp Upp War Pro Fac Was Fac Upp Upp Zhi Pro Res Arm Lab Res Tes Sec Acc Com Ac0 Damage Taken 28075 | . 370 401 896 181 622 157 577 3091 246 291 . 270 3197 1508 354 . 596 533 . 3066 29 140 414 114 415 . 1754 145 61 . 460 . 2178 . 63 129 1997 1103 2025 692 Core 22591 | . 296 297 669 136 469 128 482 2503 222 237 . 222 2401 1046 253 . 479 413 . 2488 23 116 357 94 334 . 1432 119 48 . 369 . 1720 . 53 107 1690 981 1803 604 Absorbed by Shields 5712 | . . . . . . . . . . . . . . 99 107 . . . . . . . . . 9 . . . . . . . 123 . . 56 1315 1199 2159 645 Redirected to Core 18462 | . 237 275 551 116 420 100 345 2008 89 202 . 171 1962 877 225 . 398 367 . 2059 23 91 214 70 284 . 1111 93 48 . 326 . 1448 . 36 78 1473 795 1478 492 Regen/Repaired (Parts) 475 | . . . . . . . 11 . . . . . 237 87 46 56 10 17 . 11 . . . . . . . . . . . . . . . . . . . . Core Remaining (%) 89 | 100 . 97 . . . 81 100 . . . . 100 . . . . 57 . . . . . . 100 . . . . . . 100 . . 100 . . 57 . . 89 Volleys Fired 2114 | 11 43 60 166 28 59 16 . 76 2 2 . . 70 5 . 8 6 13 6 132 8 13 69 2 6 12 97 4 1 . 1 . 27 . . 29 78 352 614 98 Largest 4 | 2 2 2 3 4 4 4 . 1 1 1 . . 1 1 . 1 1 1 1 1 1 1 1 1 1 1 1 1 1 . 1 . 1 . . 1 1 1 2 1 Hottest 300 | 80 136 46 75 100 120 110 . 30 30 30 . . 45 30 . 30 30 45 45 43 43 43 43 43 43 43 43 43 43 . 43 . 43 . . 30 180 180 300 180 Shots Fired 2655 | 22 85 117 378 108 167 47 . 76 2 2 . . 70 5 . 8 6 13 6 131 8 13 69 2 6 12 97 4 1 . 1 . 27 . . 29 78 352 615 98 Gun 1036 | 22 4 114 332 108 145 45 . 33 . . . . 51 5 . 8 6 12 . 29 . . 49 . 5 . 16 . . . . . 15 . . 29 8 . . . Cannon 1232 | . 81 . . . 16 . . . . . . . . . . . . . . . . . . . . . . . . . . . . . . . 70 352 615 98 Launcher 377 | . . 3 46 . . 2 . 43 2 2 . . 19 . . . . 1 6 98 8 13 20 2 1 12 81 4 1 . 1 . 12 . . . . . . . Special 10 | . . . . . 6 . . . . . . . . . . . . . . 4 . . . . . . . . . . . . . . . . . . . . Kinetic 1010 | . . 114 332 108 145 45 . 33 . . . . 51 5 . 8 6 12 . 29 . . 49 . 5 . 16 . . . . . 15 . . 29 8 . . . Thermal 134 | 22 85 . . . 22 . . . . . . . . . . . . . . . . . . . . . . . . . . . . . . . . . 5 . Explosive 377 | . . 3 46 . . 2 . 43 2 2 . . 19 . . . . 1 6 98 8 13 20 2 1 12 81 4 1 . 1 . 12 . . . . . . . Electromagnetic . | . . . . . . . . . . . . . . . . . . . . . . . . . . . . . . . . . . . . . . . . . Slashing 1130 | . . . . . . . . . . . . . . . . . . . . . . . . . . . . . . . . . . . . . 70 352 610 98 Robot Hit Streak 75 | 5 11 9 22 12 23 41 . 6 7 8 . . 3 4 . 12 . 2 5 16 2 1 14 . 6 9 19 6 7 . . . 14 . . 21 27 75 56 38 Robot Miss Streak 12 | 1 4 3 3 3 1 1 . 1 . 1 . . 1 1 . . 1 2 . 1 . 2 2 . 1 1 2 . . . . . 3 . . 1 5 8 7 12 Penetration Max 2 | . . . . . . . . . . . . . . 1 . 1 . . . . . . 2 . . . 1 . . . . . 1 . . 1 1 1 1 1 Secondary Targets 9 | . . . 3 6 . . . . . . . . . . . . . . . . . . . . . . . . . . . . . . . . . . . . Max Gunslinging Chain 2 | . . . 2 1 . . . . . . . . . . . . . . . . . . . . . . . . . . . . . . . . . . . . Capacitor 1060 | . . . . . . . . . . . . . . . . . . . . . . . . . . . . . . . . . . . . . . 349 613 98 Shots Hit Robots 3228 | 15 46 59 188 44 123 44 72 242 27 20 . 29 194 69 22 10 16 59 4 146 10 9 47 12 48 11 197 28 8 4 61 1 228 . 21 47 129 287 565 86 Core Hits 4265 | 5 21 18 73 23 33 18 38 153 17 18 . 12 189 29 11 6 32 39 18 241 16 26 85 13 56 12 317 26 7 1 38 1 169 . 9 22 207 664 1328 274 Critical Kills 630 | . . . 2 . 1 1 35 108 9 8 . 10 83 22 10 2 5 29 . 42 2 2 11 6 16 . 57 14 3 . 27 1 93 . 9 6 16 . . . Critical Parts Destroyed 662 | . . 1 1 . 2 1 31 108 14 8 . 15 88 34 8 4 7 24 . 40 5 4 14 5 20 . 71 11 1 1 23 . 84 . 11 14 12 . . . Critical Strikes 1702 | . . 1 3 . 6 4 67 223 24 18 . 27 175 64 21 7 12 54 . 88 7 6 30 11 37 . 129 26 5 3 52 1 192 . 21 20 49 103 186 30 Destroy 78 | . . 1 3 . 5 4 . 5 . . . . 1 3 . 5 . . . 5 . . 30 . 2 . 4 . . . . . 5 . . 5 . . . . Smash 1289 | . . . . . . . 67 218 24 18 . 27 174 61 21 2 12 54 . 83 7 6 . 11 35 . 125 26 5 3 52 1 187 . 21 15 34 . . . Sever 335 | . . . . . 1 . . . . . . . . . . . . . . . . . . . . . . . . . . . . . . . 15 103 186 30 Melee Attacks 1816 | . . . . . . 10 112 286 26 20 . 29 235 65 22 2 21 61 . 144 9 8 . 13 58 . 188 28 7 4 63 3 224 5 27 47 99 . . . Kinetic 1778 | . . . . . . 10 112 286 26 20 . 29 235 65 22 2 21 61 . 144 9 8 . 13 57 . 188 28 7 4 63 3 224 5 27 36 73 . . . Impact 37 | . . . . . . . . . . . . . . . . . . . . . . . . . . . . . . . . . . . . 11 26 . . . Slashing . | . . . . . . . . . . . . . . . . . . . . . . . . . . . . . . . . . . . . . . . . . Piercing . | . . . . . . . . . . . . . . . . . . . . . . . . . . . . . . . . . . . . . . . . . Sneak Attacks 191 | . . . . . . . 12 25 9 5 . 6 15 2 1 1 1 5 . 13 1 2 . 5 4 . 18 9 . . 17 1 14 . 6 7 12 . . . Combat Hostiles 102 | . . . . . . . 3 9 9 4 . 3 5 2 . . 1 3 . 6 . 1 . 5 2 . 6 8 . . 14 . 13 . 1 . 7 . . . Follow-up Attacks 10 | . . . . . . . . . . . . . . . . . . . . . . . . . . . . . . . . . . . . 3 7 . . . Damage Inflicted 430541 | 172 930 916 3471 840 2450 732 8000 25760 3547 2947 . 3478 26853 7488 2178 448 3903 6751 1464 25389 1724 2716 5044 2506 7665 2001 32363 4845 952 729 8127 136 26974 . 2771 3051 22315 54838 104533 19534 Guns 10353 | 172 32 916 3359 840 1996 586 . 78 . . . . 36 124 . 152 . . . 150 . . 1009 . 41 . 88 . . . . . 267 . . 507 . . . . Cannons 193932 | . 898 . . . 449 . . . . . . . . . . . . . . . . . . . . . . . . . . . . . . . 14925 53601 104525 19534 Explosions 52356 | . . . 112 . . 134 . 1316 376 417 . . 6093 . . . 2200 303 1464 11897 705 1625 4035 316 1572 2001 12925 613 117 . 56 . 2873 . . . . 1198 8 . Melee 173780 | . . . . . . . 8000 24366 3171 2530 . 3478 20724 7364 2178 296 1703 6448 . 13342 1019 1091 . 2190 6052 . 19350 4232 835 729 8071 136 23834 . 2771 2544 7326 . . . Ramming 115 | . . . . . . 12 . . . . . . . . . . . . . . . . . . . . . . . . . . . . . . 64 39 . . Kinetic 183131 | . . 916 3359 840 1996 586 8000 24444 3171 2530 . 3478 20760 7488 2178 448 1703 6448 . 13492 1019 1091 1009 2190 6093 . 19438 4232 835 729 8071 136 24101 . 2771 2897 6682 . . . Thermal 5347 | 172 930 . . . 454 . . 194 . . . . 2724 . . . . 119 . 449 . . . . 305 . . . . . . . . . . . . . . . Explosive 45140 | . . . 112 . . 134 . 801 376 417 . . 3369 . . . . 184 1464 11277 705 1625 4035 316 831 2001 12925 613 117 . 56 . 2873 . . . . 901 8 . Electromagnetic 3425 | . . . . . . . . 321 . . . . . . . . 2200 . . 171 . . . . 436 . . . . . . . . . . . . 297 . . Impact 798 | . . . . . . . . . . . . . . . . . . . . . . . . . . . . . . . . . . . . 154 644 . . . Slashing 192585 | . . . . . . . . . . . . . . . . . . . . . . . . . . . . . . . . . . . . . 14925 53601 104525 19534 Piercing . | . . . . . . . . . . . . . . . . . . . . . . . . . . . . . . . . . . . . . . . . . Highest Corruption 13 | . . . . . . . 1 1 . . . . 1 . . . 13 5 . 4 . . . . . . 4 . . . . . 3 . . . . . . . Average Corruption 1 | . . . . . . . 1 1 . . . . 1 . . . 3 3 . 1 . . . . . . 1 . . . . . 1 . . . . . . . Corruption Purged 28 | . . . . . . . . 2 . . . . 2 . . . . 5 . 5 . . . . . . 8 . . . . . 6 . . . . . . . Corruption Blocked 25 | . . . . . . . . . . . . . . . . . . . . . . . . . . . . . . . . . . . 5 20 . . . . Effects 23 | . . . . . . . 5 1 . . . . 2 . . . 1 1 . 3 . . . . . . 3 . . . . . 7 . . . . . . . Message Errors 6 | . . . . . . . . 1 . . . . 1 . . . . . . 1 . . . . . . 1 . . . . . 2 . . . . . . . Matter Fused 9 | . . . . . . . 3 . . . . . . . . . 1 1 . 1 . . . . . . 2 . . . . . 1 . . . . . . . Heat Flow Errors 1 | . . . . . . . 1 . . . . . . . . . . . . . . . . . . . . . . . . . . . . . . . . . Energy Discharges 2 | . . . . . . . . . . . . . . . . . . . . . . . . . . . . . . . . . 2 . . . . . . . Data Loss (minor) 2 | . . . . . . . . . . . . . 1 . . . . . . . . . . . . . . . . . . . 1 . . . . . . . Data Loss (major) 2 | . . . . . . . 1 . . . . . . . . . . . . . . . . . . . . . . . . . 1 . . . . . . . Weapon Failures 1 | . . . . . . . . . . . . . . . . . . . . 1 . . . . . . . . . . . . . . . . . . . . Overload Shots 5 | . . . . . . . . . . . . . . . . . . . . . . . . . . . . . . . . . . . . . . . 5 . Overflow Damage 75378 | . 14 . . . . . 3614 10483 1751 941 . 1810 10724 3207 566 129 769 2610 . 5303 567 351 181 1030 2493 22 8827 1717 109 48 3165 . 7867 . 1340 1402 1600 1033 1609 96 Projectiles 2894 | . 14 . . . . . . . . . . . . . . . . . . . . . . . . . . . . . . . . . . . 167 1008 1609 96 Explosions 1683 | . . . . . . . . 25 41 . . . 529 . . . 144 . . 350 . 63 181 . 24 22 217 4 . . . . 58 . . . . 25 . . Melee 70801 | . . . . . . . 3614 10458 1710 941 . 1810 10195 3207 566 129 625 2610 . 4953 567 288 . 1030 2469 . 8610 1713 109 48 3165 . 7809 . 1340 1402 1433 . . . Knockbacks 4 | . . . . . . 1 . . . . . . . . . . . . . . . . . . . . . . . . . . . . . 2 1 . . . Impact 3 | . . . . . . 1 . . . . . . . . . . . . . . . . . . . . . . . . . . . . . 1 1 . . . Kinetic . | . . . . . . . . . . . . . . . . . . . . . . . . . . . . . . . . . . . . . . . . . Secondary 1 | . . . . . . . . . . . . . . . . . . . . . . . . . . . . . . . . . . . . 1 . . . . Self-Inflicted Damage 825 | . . . 8 34 . 45 . 107 44 31 . . 18 . . . 237 . . . . 77 22 . . . 23 . . . . . 79 . . . . 75 25 . Shots 22 | . . . 2 1 . 1 . 2 1 1 . . 2 . . . 3 . . . . 1 1 . . . 1 . . . . . 2 . . . . 3 1 . Rammed 1 | . . . . . . 1 . . . . . . . . . . . . . . . . . . . . . . . . . . . . . . . . . . Targets Rammed 4 | . . . . . . 1 . . . . . . . . . . . . . . . . . . . . . . . . . . . . . . 2 1 . . Kicked 3 | . . . . . . . . . . . . . . . . . . . . . . . . . . . . . . . . . . . . . 2 1 . . Crushed . | . . . . . . . . . . . . . . . . . . . . . . . . . . . . . . . . . . . . . . . . . Highest Temperature 482 | 90 482 . 18 38 . 32 79 181 21 12 . 13 35 69 13 4 9 18 . 12 6 2 2 5 72 99 310 233 218 39 18 . 18 10 296 . . 70 . . Average Temperature 55 | 33 145 . 7 15 . 12 14 38 11 7 . 6 9 15 6 4 9 5 . 5 4 2 2 5 18 33 52 68 93 22 10 . 8 10 119 . . 13 . . Received Heat Transfer 4136 | . 147 243 357 26 . 72 162 519 54 36 . 15 406 457 87 . 60 90 . 240 . . . . 93 . 156 24 9 . 54 . 381 . . 4 129 152 113 50 Effects 6 | . 3 . . . . . . . . . . . . . . . . . . . . . . . . . . . 3 . . . . . . . . . . . Energy Bleed 2 | . 2 . . . . . . . . . . . . . . . . . . . . . . . . . . . . . . . . . . . . . . . Interference 3 | . . . . . . . . . . . . . . . . . . . . . . . . . . . . . 3 . . . . . . . . . . . Damage (minor) 1 | . 1 . . . . . . . . . . . . . . . . . . . . . . . . . . . . . . . . . . . . . . . Siege Activations . | . . . . . . . . . . . . . . . . . . . . . . . . . . . . . . . . . . . . . . . . . Robots Corrupted 2 | . . . . . . . . . . . . . . . . . 2 . . . . . . . . . . . . . . . . . . . . . . . Combat Hostiles 1 | . . . . . . . . . . . . . . . . . 1 . . . . . . . . . . . . . . . . . . . . . . . Parts Fried 16 | . . . . . . . . 1 . . . . . 1 1 . 10 . . . . . . . 1 . . . . . . . . . . 2 . . . . Impact Corruptions 2 | . . . . . . . . . . . . . . . . . . . . . . . . . . . . . . . . . . . . 1 1 . . . Robots Melted . | . . . . . . . . . . . . . . . . . . . . . . . . . . . . . . . . . . . . . . . . . Combat Hostiles . | . . . . . . . . . . . . . . . . . . . . . . . . . . . . . . . . . . . . . . . . . Parts Melted 24 | 1 5 . . . . . . . . . . . 3 1 . . . . . . . . . . . . . . . . . . . . . . . 14 . . Heat Transferred 5688 | 400 1703 . . . 1085 . . 150 . . . . 1800 . . . . 100 . 200 . . . . 250 . . . . . . . . . . . . . . . Parts Sabotaged 10 | . . . . . . . . . . . . . 4 . . . . . . 3 . . . . . . . . . . . . 3 . . . . . . . Parts Stolen . | . . . . . . . . . . . . . . . . . . . . . . . . . . . . . . . . . . . . . . . . . Parts Stripped . | . . . . . . . . . . . . . . . . . . . . . . . . . . . . . . . . . . . . . . . . . Power Chain Reactions 5 | . . . . . . . . 1 . . . . . . . . 2 . . . . . . . 2 . . . . . . . . . . . . . . . Missiles Intercepted 10 | . . . . . . . . . . . . . . . . . . . . . . . . . . . . . . . . . . . . . . . 10 . Alert | -11 -10 -10 -9 -9 -9 -8 -8 -7 -7 -7 -7 -6 -6 -6 -6 -6 -6 -5 -5 -5 -5 -5 -5 -4 -4 -4 -4 -4 -4 -4 -3 -3 -3 -3 -2 -2 -2 -1 -1 -1 ------- Run | Scr Mat Min Mat Min Exi Min Mat Fac Low Low Dat Pro Fac Ext Cet Arc Hub Fac Was Fac Upp Upp War Pro Fac Was Fac Upp Upp Zhi Pro Res Arm Lab Res Tes Sec Acc Com Ac0 Peak Influence 26971 | 20 354 410 2547 1541 . 311 1756 7079 . . . . 7256 5690 3508 1531 2236 1788 693 8747 . . . . 1533 738 6797 . . . . 535 4627 . 427 631 4377 15925 26971 . Initial 10192 | . 13 79 53 993 . . 48 798 . . . . 315 3555 3186 1403 535 1095 625 485 . . . . 220 541 516 . . . . 502 280 . . 54 180 2635 10192 . Average 4128 | 8 201 189 776 1256 . 193 907 3815 . . . . 3884 4425 3325 1434 1104 1120 674 3897 . . . . 898 667 3310 . . . . 526 2475 . 261 445 1475 7733 18970 . Maximum Alert Level 5 | . 1 2 5 4 . 1 5 5 . . . . 5 5 5 4 5 5 2 5 . . . . 4 3 5 . . . . 2 5 . 2 2 5 5 5 . Low Security (%) 7 | 100 41 46 7 . . 60 11 . . . . . . . . . . . . . . . . . . . . . . . . . . . 12 16 1 . . . Level 1 10 | . 58 48 24 . . 39 7 . . . . . 2 . . . . . . . . . . . 11 . . . . . . . 1 . 74 17 5 . . . Level 2 10 | . . 5 33 . . . 18 . . . . . 6 . . . 4 20 100 7 . . . . 16 46 2 . . . . 100 3 . 13 65 13 . . . Level 3 10 | . . . 9 12 . . 21 12 . . . . 7 . . . 75 29 . 16 . . . . 37 53 4 . . . . . 6 . . . 51 . . . Level 4 10 | . . . 10 87 . . 32 9 . . . . 9 . . 100 5 35 . 5 . . . . 34 . 10 . . . . . 18 . . . . . . . Level 5 9 | . . . 13 . . . 9 7 . . . . . 28 25 . 15 14 . 3 . . . . . . 33 . . . . . 20 . . . . 21 15 . High Security 33 | . . . . . . . . 70 . . . . 73 71 74 . . . . 66 . . . . . . 48 . . . . . 50 . . . . . 84 . Max Security 7 | . . . . . . . . . . . . . . . . . . . . . . . . . . . . . . . . . . . . . 29 78 . . Sterilizations 6 | . . . . . . . . 1 . . . . 1 . . . . . . 1 . . . . . . 1 . . . . . 1 . . . . 1 . . Squads Dispatched 317 | . 3 1 5 1 . . 6 34 . . . . 39 8 4 . 6 6 . 27 . . . . 9 . 28 . . . . . 22 . 2 7 28 42 39 . Investigation 37 | . 2 1 4 1 . . 3 2 . . . . 3 . . . 1 1 . 3 . . . . 4 . 4 . . . . . 4 . 1 2 . 1 . . Extermination 7 | . . . . . . . . . . . . . 1 . . . . . . . . . . . 1 . 1 . . . . . 1 . . 2 1 . . . Reinforcement 30 | . 1 . . . . . 2 . . . . . 3 . . . 4 2 . 2 . . . . 1 . 1 . . . . . 1 . 1 2 3 4 3 . Assault 233 | . . . 1 . . . 1 32 . . . . 32 8 4 . 1 3 . 22 . . . . 3 . 21 . . . . . 16 . . 1 21 31 36 . Garrison 4 | . . . . . . . . . . . . . . . . . . . . . . . . . . . 1 . . . . . . . . . . 3 . . Intercept 6 | . . . . . . . . . . . . . . . . . . . . . . . . . . . . . . . . . . . . . 3 3 . . Searches Triggered 1 | . . . . . . . . . . . . . . . . . . . . . . . . . . . . . . . . . . . . 1 . . . . Data Miner Redirects 18 | . . . . . . . . . . . . . 1 . . . 1 2 . . . . . . 2 . 7 . . . . . 1 . . 3 . 1 . . Construction Impeded 3 | . . . . . . . . . . . . . . . . . 1 . . . . . . . . . . . . . . . . . . . . 2 . . Haulers Reinforced 5 | . . . . . . . . . . . . . 2 . . . . . . 1 . . . . . . . . . . . . . . 1 . . 1 . . Active Scanning Responses . | . . . . . . . . . . . . . . . . . . . . . . . . . . . . . . . . . . . . . . . . . Cargo Convoy Interrupts . | . . . . . . . . . . . . . . . . . . . . . . . . . . . . . . . . . . . . . . . . . Stealth | -11 -10 -10 -9 -9 -9 -8 -8 -7 -7 -7 -7 -6 -6 -6 -6 -6 -6 -5 -5 -5 -5 -5 -5 -4 -4 -4 -4 -4 -4 -4 -3 -3 -3 -3 -2 -2 -2 -1 -1 -1 --------- Run | Scr Mat Min Mat Min Exi Min Mat Fac Low Low Dat Pro Fac Ext Cet Arc Hub Fac Was Fac Upp Upp War Pro Fac Was Fac Upp Upp Zhi Pro Res Arm Lab Res Tes Sec Acc Com Ac0 Distress Signals 45 | . 1 . 2 . . . 3 . . . . . 1 2 2 . 3 . . 2 . . 2 . 1 . 2 . . . . . 3 . 4 2 2 2 11 . Communications Jammed 115 | . . . . . . . . . . . . . . . . . 9 1 . 3 . . . . 4 . 7 . . . 8 . 1 . . . 82 . . . Distress Signals 96 | . . . . . . . . . . . . . . . . . 8 . . . . . . . . . 3 . . . 8 . . . . . 77 . . . Times Spotted 2755 | . 15 11 51 19 20 3 52 263 15 13 . 21 267 83 14 2 27 45 5 117 4 5 35 7 36 6 159 16 4 . 34 . 177 . 12 17 193 286 662 59 Peak Tracking Total 86 | . 4 3 6 14 9 3 5 23 4 4 . 5 22 19 5 2 13 6 4 18 2 4 18 3 6 4 15 4 4 . 5 . 20 . 5 9 36 24 86 6 Tactical Retreats 141 | . . 2 1 . 2 . 4 15 . . . . 35 . . . 3 1 . 10 . 1 . . 4 . 9 1 1 . . . 9 . 2 4 9 4 24 . Traps | -11 -10 -10 -9 -9 -9 -8 -8 -7 -7 -7 -7 -6 -6 -6 -6 -6 -6 -5 -5 -5 -5 -5 -5 -4 -4 -4 -4 -4 -4 -4 -3 -3 -3 -3 -2 -2 -2 -1 -1 -1 ------- Run | Scr Mat Min Mat Min Exi Min Mat Fac Low Low Dat Pro Fac Ext Cet Arc Hub Fac Was Fac Upp Upp War Pro Fac Was Fac Upp Upp Zhi Pro Res Arm Lab Res Tes Sec Acc Com Ac0 Traps Triggered 45 | . . . 4 . . . 2 4 . . . . 3 1 . . 6 1 . 3 . . . . 8 . 4 . . . . . 3 . . . . 5 1 . Indirectly 15 | . . . . . . . . 4 . . . . . . . . 6 . . . . . . . 5 . . . . . . . . . . . . . . . Trap Hack Attempts . | . . . . . . . . . . . . . . . . . . . . . . . . . . . . . . . . . . . . . . . . . Triggered . | . . . . . . . . . . . . . . . . . . . . . . . . . . . . . . . . . . . . . . . . . Disarmed . | . . . . . . . . . . . . . . . . . . . . . . . . . . . . . . . . . . . . . . . . . Reprogrammed 1 | . . . . . . . . . . . . . . . . . . . . . . . . . . . 1 . . . . . . . . . . . . . Reused 1 | . . . . . . . . . . . . . . . . . . . . . . . . . . . 1 . . . . . . . . . . . . . Traps Extracted . | . . . . . . . . . . . . . . . . . . . . . . . . . . . . . . . . . . . . . . . . . Installed . | . . . . . . . . . . . . . . . . . . . . . . . . . . . . . . . . . . . . . . . . . Triggered 14 | . . . . . . . . . . . . . . . . . . . . . . . 13 . . . 1 . . . . . . . . . . . . . Exploded 3 | . . . . . 3 . . . . . . . . . . . . . . . . . . . . . . . . . . . . . . . . . . . Exploded 1 | . . . . . . . . . . . . . 1 . . . . . . . . . . . . . . . . . . . . . . . . . . . Machines | -11 -10 -10 -9 -9 -9 -8 -8 -7 -7 -7 -7 -6 -6 -6 -6 -6 -6 -5 -5 -5 -5 -5 -5 -4 -4 -4 -4 -4 -4 -4 -3 -3 -3 -3 -2 -2 -2 -1 -1 -1 ---------- Run | Scr Mat Min Mat Min Exi Min Mat Fac Low Low Dat Pro Fac Ext Cet Arc Hub Fac Was Fac Upp Upp War Pro Fac Was Fac Upp Upp Zhi Pro Res Arm Lab Res Tes Sec Acc Com Ac0 Machines Disabled 812 | . 8 5 43 18 9 14 37 93 . . . . 83 . . . 25 7 . 166 . . . 1 11 . 84 1 . . 2 . 12 1 1 9 36 77 55 14 Max in Single Turn 12 | . 1 1 2 2 2 4 1 11 . . . . 5 . . . 9 3 . 12 . . . 1 4 . 6 1 . . 1 . 1 1 1 1 3 2 2 2 Garrison Access 26 | . . . . . . . 1 3 . . . . 4 . . . 1 1 . 3 . . . . 2 . 3 . . . . . . . 3 . . 5 . . Phase Generator 1 | . . . . . . . . . . . . . . . . . . . . . . . . . . . . . . . . . . . . . . . 1 . Network Hub 4 | . . . . . . . . . . . . . . . . . 4 . . . . . . . . . . . . . . . . . . . . . . . Energy Cycler 2 | . . . . . . . . . . . . . . . . . . . . . . . . . . . . . . . . . . . . . . 2 . . Machines Sabotaged . | . . . . . . . . . . . . . . . . . . . . . . . . . . . . . . . . . . . . . . . . . Garrisons Compromised . | . . . . . . . . . . . . . . . . . . . . . . . . . . . . . . . . . . . . . . . . . Overloaded Fab Kills . | . . . . . . . . . . . . . . . . . . . . . . . . . . . . . . . . . . . . . . . . . Hacking | -11 -10 -10 -9 -9 -9 -8 -8 -7 -7 -7 -7 -6 -6 -6 -6 -6 -6 -5 -5 -5 -5 -5 -5 -4 -4 -4 -4 -4 -4 -4 -3 -3 -3 -3 -2 -2 -2 -1 -1 -1 --------- Run | Scr Mat Min Mat Min Exi Min Mat Fac Low Low Dat Pro Fac Ext Cet Arc Hub Fac Was Fac Upp Upp War Pro Fac Was Fac Upp Upp Zhi Pro Res Arm Lab Res Tes Sec Acc Com Ac0 Machines Accessed 220 | . 8 2 10 1 2 . 13 15 . 1 3 . 18 1 1 . 10 17 . 12 1 1 3 1 17 . 21 2 . 4 2 1 16 . 10 10 9 4 2 2 Terminals 129 | . 6 2 8 . . . 9 8 . . . . 10 1 1 . 9 11 . 7 . . . 1 9 . 13 1 . . 1 . 7 . 6 7 8 2 2 . Fabricators 24 | . . . . . . . . 1 . . . . 2 . . . . 1 . 3 . . . . 4 . 2 . . . . . 8 . 1 1 . 1 . . Repair Stations 3 | . . . . . . . 1 . . . . . 1 . . . . . . . . . . . . . . . . . . 1 . . . . . . . . Recycling Units 21 | . 2 . 2 . . . 2 3 . . . . 3 . . . . 2 . 1 . . . . 1 . 3 . . . 1 . 1 . . . . . . . Scanalyzers 8 | . . . . . . . 1 1 . . . . . . . . . 1 . . . . . . 1 . 1 . . . . . . . . 2 1 . . . Garrison Access 16 | . . . . . . . . 2 . . . . 2 . . . 1 2 . 1 . . . . 2 . 2 . . . . . . . 3 . . 1 . . Total Hacks 897 | . 24 7 27 1 5 . 38 31 . 1 27 . 49 3 1 . 23 129 . 58 1 1 5 5 87 . 125 8 . 17 9 1 51 . 30 68 25 12 11 17 Successful 463 | . 12 3 20 1 5 . 21 15 . 1 27 . 23 1 1 . 5 66 . 36 1 1 5 5 37 . 56 8 . 17 4 1 16 . 12 30 11 3 2 17 Failed 432 | . 12 4 6 . . . 17 16 . . . . 26 2 . . 18 63 . 22 . . . . 50 . 68 . . . 5 . 35 . 18 38 14 9 9 . Catastrophic 85 | . 1 . . . . . 2 4 . . . . 5 . . . 5 12 . 7 . . . . 8 . 10 . . . . . 11 . 4 5 3 5 3 . Database Lockouts 2 | . . . 1 . . . . . . . . . . . . . . . . . . . . . . . 1 . . . . . . . . . . . . . Manual 377 | . 15 8 14 . 1 . 16 15 . . . . 12 3 1 . 9 76 . 35 . . 1 . 36 . 65 . . . 6 1 33 . 11 5 14 . . . Terminals 545 | . 18 7 23 . . . 28 17 . . . . 30 3 1 . 21 95 . 44 . . . 5 52 . 81 7 . . 2 . 25 . 22 28 20 5 11 . Fabricators 84 | . . . . . . . . 2 . . . . 5 . . . . 6 . 8 . . . . 22 . 8 . . . . . 22 . 4 2 . 5 . . Repair Stations 6 | . . . . . . . 2 . . . . . 3 . . . . . . . . . . . . . . . . . . 1 . . . . . . . . Recycling Units 81 | . 6 . 4 . . . 6 7 . . . . 9 . . . . 7 . 5 . . . . 5 . 21 . . . 7 . 4 . . . . . . . Scanalyzers 75 | . . . . . . . 2 1 . . . . . . . . . 17 . . . . . . 4 . 8 . . . . . . . . 38 5 . . . Garrison Access 30 | . . . . . . . . 4 . . . . 2 . . . 2 4 . 1 . . . . 4 . 7 . . . . . . . 4 . . 2 . . Terminal Hacks 246 | . 4 3 10 1 5 . 10 6 . 1 27 . 8 . 1 . 5 29 . 16 1 1 5 5 10 . 24 8 . 17 1 . 3 . 7 10 8 1 2 17 Record 52 | . . . . . 4 . . . . . 6 . . . . . . 2 . . 1 . 4 5 . . . 7 . 5 . . . . . 2 . . . 16 Part Schematic 32 | . . . . . . . . . . . 12 . 4 . . . . 3 . 2 . . . . 3 . 3 . . 4 . . . . 1 . . . . . Robot Schematic 7 | . . . 1 . . . . . . . 6 . . . . . . . . . . . . . . . . . . . . . . . . . . . . . Robot Analysis 25 | . . 3 . . . . 5 1 . . . . . . . . 2 2 . . . . . . 1 . 2 . . 4 . . 1 . 1 . 2 . 1 . Prototype ID Bank 24 | . 1 . 5 . . . 2 2 . . 3 . 1 . . . . 2 . 1 . . . . . . 1 . . 4 . . . . 1 1 . . . . Open Door 11 | . . . . 1 . . . . . 1 . . . . 1 . . . . . . 1 1 . . . . 1 . . 1 . . . . . 4 . . . Level Access Points 2 | . . . . . . . . 1 . . . . . . . . . . . . . . . . . . 1 . . . . . . . . . . . . . Branch Access Points 9 | . 1 . 1 . . . . 1 . . . . 1 . . . . 1 . 1 . . . . 1 . 1 . . . . . . . 1 . . . . . Machine Index 3 | . . . . . . . . 1 . . . . . . . . . . . . . . . . . . . . . . . . 1 . . . . 1 . . Terminal Index 2 | . . . . . . . . . . . . . . . . . . 1 . . . . . . . . . . . . . . . . 1 . . . . . Scanalyzer Index 1 | . . . . . . . . . . . . . . . . . . 1 . . . . . . . . . . . . . . . . . . . . . . Garrison Index 1 | . . . . . . . . . . . . . . . . . . 1 . . . . . . . . . . . . . . . . . . . . . . Alert Level 9 | . . . . . . . 1 . . . . . . . . . 1 3 . 2 . . . . . . 1 . . . . . . . . 1 . . . . Unreport Threat 14 | . . . . . . . 1 . . . . . . . . . 1 5 . 4 . . . . . . 3 . . . . . . . . . . . . . Locate Traps 14 | . 1 . 1 . . . . . . . . . . . . . . 1 . 2 . . . . . . 3 . . . . . 1 . . 3 1 . 1 . Reprogram Traps 2 | . . . . . . . . . . . . . . . . . . . . . . . . . . . 2 . . . . . . . . . . . . . Recall Investigation 2 | . . . . . . . . . . . . . . . . . . . . . . . . . 1 . . . . . . . . . . 1 . . . . Recall Reinforcements 2 | . . . . . . . . . . . . . . . . . . 1 . . . . . . . . 1 . . . . . . . . . . . . . Recall Assault 2 | . . . . . . . . . . . . . . . . . . 1 . . . . . . . . 1 . . . . . . . . . . . . . Hauler Manifests 8 | . 1 . 2 . . . . . . . . . . . . . . 1 . 1 . . . . 1 . 1 . . . . . . . . 1 . . . . Registered Components 5 | . . . . . . . . . . . . . 1 . . . . 1 . 1 . . . . 1 . 1 . . . . . . . . . . . . . Registered Prototypes 8 | . . . . . . . . . . . . . 1 . . . . 2 . 1 . . . . 1 . 1 . . . . . . . 1 . 1 . . . Zone Layout 9 | . . . . . . . 1 . . . . . . . . . 1 1 . 1 . . . . 1 . 2 . . . . . . . 1 1 . . . . EX-Prototype ID Bank 1 | . . . . . 1 . . . . . . . . . . . . . . . . . . . . . . . . . . . . . . . . . . . Fabricator Hacks 31 | . . . . . . . . 1 . . . . 5 . . . . 2 . 6 . . . . 9 . 3 . . . . . 1 . . 1 . 2 . 1 Network Status 8 | . . . . . . . . 1 . . . . 1 . . . . 1 . 1 . . . . 1 . 1 . . . . . 1 . . 1 . . . . Load Schematic 11 | . . . . . . . . . . . . . 2 . . . . 1 . 2 . . . . 4 . 1 . . . . . . . . . . 1 . . Build 11 | . . . . . . . . . . . . . 2 . . . . . . 3 . . . . 4 . 1 . . . . . . . . . . 1 . . Repair Station Hacks 2 | . . . . . . . 2 . . . . . . . . . . . . . . . . . . . . . . . . . . . . . . . . . Scan Component 1 | . . . . . . . 1 . . . . . . . . . . . . . . . . . . . . . . . . . . . . . . . . . Repair 1 | . . . . . . . 1 . . . . . . . . . . . . . . . . . . . . . . . . . . . . . . . . . Recycling Unit Hacks 16 | . 2 . 2 . . . 2 1 . . . . 2 . . . . 2 . 1 . . . . 1 . 2 . . . 1 . . . . . . . . . Retrieve Components 16 | . 2 . 2 . . . 2 1 . . . . 2 . . . . 2 . 1 . . . . 1 . 2 . . . 1 . . . . . . . . . Scanalyzer 38 | . . . . . . . 2 . . . . . . . . . . 11 . . . . . . 2 . 4 . . . . . . . . 19 . . . . Insert Component 18 | . . . . . . . 1 . . . . . . . . . . 5 . . . . . . 1 . 2 . . . . . . . . 9 . . . . Analyze 20 | . . . . . . . 1 . . . . . . . . . . 6 . . . . . . 1 . 2 . . . . . . . . 10 . . . . Garrison Access Hacks 9 | . . . . . . . . 1 . . . . 2 . . . . 1 . . . . . . 2 . . . . . . . . . 3 . . . . . Seal Access 9 | . . . . . . . . 1 . . . . 2 . . . . 1 . . . . . . 2 . . . . . . . . . 3 . . . . . Unauthorized Hacks 122 | . 6 . 8 . . . 5 6 . . . . 6 1 . . . 21 . 13 . . . . 13 . 23 . . . 2 1 12 . 2 . 3 . . . Terminals 72 | . 4 . 6 . . . 4 3 . . . . 1 1 . . . 16 . 8 . . . . 9 . 13 . . . . . 4 . 1 . 2 . . . Track 2 | . . . . . . . . . . . . . . . . . . . . 1 . . . . . . 1 . . . . . . . . . . . . . Assimilate 11 | . . . 1 . . . . 1 . . . . 1 . . . . 4 . 1 . . . . 2 . 1 . . . . . . . . . . . . . Botnet 32 | . 3 . 2 . . . 2 2 . . . . . 1 . . . 7 . 3 . . . . 3 . 4 . . . . . 2 . 1 . 2 . . . Detonate 11 | . . . 2 . . . 1 . . . . . . . . . . 2 . 1 . . . . 2 . 3 . . . . . . . . . . . . . Disrupt 7 | . . . . . . . . . . . . . . . . . . 1 . 1 . . . . 1 . 3 . . . . . 1 . . . . . . . Operators 9 | . 1 . 1 . . . 1 . . . . . . . . . . 2 . 1 . . . . 1 . 1 . . . . . 1 . . . . . . . Fabricators 14 | . . . . . . . . 1 . . . . . . . . . 1 . 1 . . . . 2 . 1 . . . . . 7 . 1 . . . . . Prioritize 4 | . . . . . . . . . . . . . . . . . . . . 1 . . . . 2 . 1 . . . . . . . . . . . . . Fabnet 7 | . . . . . . . . . . . . . . . . . . . . . . . . . . . . . . . . . 6 . 1 . . . . . Haulers 3 | . . . . . . . . 1 . . . . . . . . . 1 . . . . . . . . . . . . . . 1 . . . . . . . Repair Stations 2 | . . . . . . . . . . . . . 1 . . . . . . . . . . . . . . . . . . 1 . . . . . . . . Mechanics 2 | . . . . . . . . . . . . . 1 . . . . . . . . . . . . . . . . . . 1 . . . . . . . . Recycling Units 30 | . 2 . 2 . . . 1 1 . . . . 4 . . . . 4 . 3 . . . . 2 . 8 . . . 2 . 1 . . . . . . . Reject 9 | . . . . . . . . . . . . . 2 . . . . 1 . 1 . . . . 1 . 3 . . . 1 . . . . . . . . . Recyclers 7 | . . . . . . . . 1 . . . . 1 . . . . 1 . 1 . . . . . . 2 . . . . . 1 . . . . . . . Mask 8 | . . . . . . . . . . . . . 1 . . . . 1 . 1 . . . . 1 . 3 . . . 1 . . . . . . . . . Tunnel 6 | . 2 . 2 . . . 1 . . . . . . . . . . 1 . . . . . . . . . . . . . . . . . . . . . . Scanalyzers 1 | . . . . . . . . . . . . . . . . . . . . . . . . . . . . . . . . . . . . . 1 . . . Researchers 1 | . . . . . . . . . . . . . . . . . . . . . . . . . . . . . . . . . . . . . 1 . . . Garrison Access 3 | . . . . . . . . 1 . . . . . . . . . . . 1 . . . . . . 1 . . . . . . . . . . . . . Jam 3 | . . . . . . . . 1 . . . . . . . . . . . 1 . . . . . . 1 . . . . . . . . . . . . . Data Cores Recovered 12 | . . . . . . . 1 2 . . . . 1 . . . 2 1 . . . . . . . . 4 . . . . . . . . 1 . . . . Used 9 | . . . . . . . . 2 . . . . 1 . . . 2 . . . . . . . . . 4 . . . . . . . . . . . . . Hacking Detections 157 | . 6 2 4 . . . 11 14 . . . . 16 1 . . 10 13 . 9 . . . 1 14 . 16 . . . . 1 15 . 6 8 4 4 2 . Full Trace Events 22 | . . 2 . . . . 2 1 . . . . 2 . . . 1 . . 2 . . . . 4 . 3 . . . . . 3 . . 1 . 1 . . Feedback Events 1 | . . . . . . . 1 . . . . . . . . . . . . . . . . . . . . . . . . . . . . . . . . . Corruption 1 | . . . . . . . 1 . . . . . . . . . . . . . . . . . . . . . . . . . . . . . . . . . Feedback Blocked . | . . . . . . . . . . . . . . . . . . . . . . . . . . . . . . . . . . . . . . . . . Robot Schematics Acquired 16 | . . . 1 . . . . . . . 6 . . . . . . . . . . . . . . . . . . . . . . . . 4 5 . . . Robots Built . | . . . . . . . . . . . . . . . . . . . . . . . . . . . . . . . . . . . . . . . . . Authchips . | . . . . . . . . . . . . . . . . . . . . . . . . . . . . . . . . . . . . . . . . . Time . | . . . . . . . . . . . . . . . . . . . . . . . . . . . . . . . . . . . . . . . . . Total Robot Build Rating . | . . . . . . . . . . . . . . . . . . . . . . . . . . . . . . . . . . . . . . . . . Part Schematics Acquired 51 | . . . . . . . 1 . . . 12 . 4 . . . . 8 . 2 . . . . 4 . 5 . . 4 . . . . 1 4 6 . . . Parts Built 14 | . . . . . . . . . . . . . 3 . . . . . . 4 . . . . 4 . 1 . . . . . . . . . . 2 . . Authchips . | . . . . . . . . . . . . . . . . . . . . . . . . . . . . . . . . . . . . . . . . . Time 959 | . . . . . . . . . . . . . 258 . . . . . . 195 . . . . 425 . 42 . . . . . . . . . . 39 . . Total Part Build Rating 97 | . . . . . . . . . . . . . 17 . . . . . . 28 . . . . 32 . 6 . . . . . . . . . . 14 . . Parts Repaired 1 | . . . . . . . 1 . . . . . . . . . . . . . . . . . . . . . . . . . . . . . . . . . Time 38 | . . . . . . . 38 . . . . . . . . . . . . . . . . . . . . . . . . . . . . . . . . . Parts Recycled . | . . . . . . . . . . . . . . . . . . . . . . . . . . . . . . . . . . . . . . . . . Recycled Matter . | . . . . . . . . . . . . . . . . . . . . . . . . . . . . . . . . . . . . . . . . . Retrieved Matter . | . . . . . . . . . . . . . . . . . . . . . . . . . . . . . . . . . . . . . . . . . Retrieved Components 77 | . 18 . 15 . . . 19 3 . . . . 1 . . . . 12 . 2 . . . . 1 . 5 . . . 1 . . . . . . . . . Parts Scanalyzed 13 | . . . . . . . 1 . . . . . . . . . . 5 . . . . . . 1 . 2 . . . . . . . . 4 . . . . Part Schematics Acquired 12 | . . . . . . . 1 . . . . . . . . . . 5 . . . . . . 1 . 2 . . . . . . . . 3 . . . . Parts Damaged . | . . . . . . . . . . . . . . . . . . . . . . . . . . . . . . . . . . . . . . . . . Bothacking | -11 -10 -10 -9 -9 -9 -8 -8 -7 -7 -7 -7 -6 -6 -6 -6 -6 -6 -5 -5 -5 -5 -5 -5 -4 -4 -4 -4 -4 -4 -4 -3 -3 -3 -3 -2 -2 -2 -1 -1 -1 ------------ Run | Scr Mat Min Mat Min Exi Min Mat Fac Low Low Dat Pro Fac Ext Cet Arc Hub Fac Was Fac Upp Upp War Pro Fac Was Fac Upp Upp Zhi Pro Res Arm Lab Res Tes Sec Acc Com Ac0 Used RIF Installer . | . . . . . . . . . . . . . . . . . . . . . . . . . . . . . . . . . . . . . . . . . Robots Hacked 2 | . . . . . . . . . . . . . . . . . . . . 1 . . . . 1 . . . . . . . . . . . . . . . Non-combat 2 | . . . . . . . . . . . . . . . . . . . . 1 . . . . 1 . . . . . . . . . . . . . . . Combat . | . . . . . . . . . . . . . . . . . . . . . . . . . . . . . . . . . . . . . . . . . Robot Hacks Applied 2 | . . . . . . . . . . . . . . . . . . . . 1 . . . . 1 . . . . . . . . . . . . . . . parse_system 1 | . . . . . . . . . . . . . . . . . . . . 1 . . . . . . . . . . . . . . . . . . . . find_chute 1 | . . . . . . . . . . . . . . . . . . . . . . . . . 1 . . . . . . . . . . . . . . . Relay Couplers Released 9 | . . . . . . . . 2 . . . . 3 . . . 1 . . 2 . . . . . . 1 . . . . . . . . . . . . . Machine Destruction 7 | . . . . . . . . 2 . . . . 1 . . . 1 . . 2 . . . . . . 1 . . . . . . . . . . . . . Programmers 2 | . . . . . . . . . . . . . 2 . . . . . . . . . . . . . . . . . . . . . . . . . . . Fabnet Peak Effective % . | . . . . . . . . . . . . . . . . . . . . . . . . . . . . . . . . . . . . . . . . . Robots Rewired 49 | . . . . . . . . . 2 2 . 2 . 18 . . . . . . . . . . . . . . . . 13 . 12 . . . . . . . Allies Hacked 2 | . . . . . . . . . . . . . . 1 . . . . . . . . . . . . . . . . . . 1 . . . . . . . Hacks Repelled . | . . . . . . . . . . . . . . . . . . . . . . . . . . . . . . . . . . . . . . . . . Allies | -11 -10 -10 -9 -9 -9 -8 -8 -7 -7 -7 -7 -6 -6 -6 -6 -6 -6 -5 -5 -5 -5 -5 -5 -4 -4 -4 -4 -4 -4 -4 -3 -3 -3 -3 -2 -2 -2 -1 -1 -1 -------- Run | Scr Mat Min Mat Min Exi Min Mat Fac Low Low Dat Pro Fac Ext Cet Arc Hub Fac Was Fac Upp Upp War Pro Fac Was Fac Upp Upp Zhi Pro Res Arm Lab Res Tes Sec Acc Com Ac0 Total Allies 252 | . . . 1 3 . . . 1 2 2 . 3 7 27 3 . . 2 18 1 . . . . 2 19 1 . . . 13 . 12 . . . . 84 51 . Largest Group 46 | . . . 1 3 3 . . 1 2 2 2 5 11 20 4 2 2 1 18 18 . . . . 2 19 14 . . . 9 6 10 . . . . 46 29 . Highest-Rated Group 731 | . . . 10 40 40 . . 26 48 60 60 204 374 731 434 192 192 10 638 638 . . . . 52 702 572 . . . 346 304 521 . . . . 608 413 . Highest-Rated Ally 159 | . . . 10 16 16 . . 26 32 32 32 96 96 159 146 96 96 10 50 50 . . . . 26 50 50 . . . 56 56 65 . . . . 15 15 . Total Orders 3 | . . . . . 3 . . . . . . . . . . . . . . . . . . . . . . . . . . . . . . . . . . . STAY 2 | . . . . . 2 . . . . . . . . . . . . . . . . . . . . . . . . . . . . . . . . . . . FOLLOW 1 | . . . . . 1 . . . . . . . . . . . . . . . . . . . . . . . . . . . . . . . . . . . Ally Attacks 887 | . . . . . 30 . . . 5 8 . 10 61 143 14 3 23 . 20 125 . . . . . 55 . . . . 16 . 64 . . . . 135 175 . Total Damage 22740 | . . . . . 205 . . . 188 116 . 381 1302 3748 514 138 1109 . 535 4013 . . . . . 2017 . . . . 433 . 2456 . . . . 2310 3275 . Kills 133 | . . . . . 3 . . . . . . 3 7 37 3 1 9 . 1 28 . . . . . 4 . . . . . . 8 . . . . 12 17 . Allies Corrupted 12 | . . . . . . . . . . . . . 2 2 . . . . . . . . . . . . . . . . . . 6 . . . . 1 1 . Allies Melted 4 | . . . . . . . . . . . . . . . . . . . . . . . 2 . . . . . . . . . 1 . 1 . . . . . Intel | -11 -10 -10 -9 -9 -9 -8 -8 -7 -7 -7 -7 -6 -6 -6 -6 -6 -6 -5 -5 -5 -5 -5 -5 -4 -4 -4 -4 -4 -4 -4 -3 -3 -3 -3 -2 -2 -2 -1 -1 -1 ------- Run | Scr Mat Min Mat Min Exi Min Mat Fac Low Low Dat Pro Fac Ext Cet Arc Hub Fac Was Fac Upp Upp War Pro Fac Was Fac Upp Upp Zhi Pro Res Arm Lab Res Tes Sec Acc Com Ac0 Robot Analysis Total 25 | . . 3 . . . . 5 1 . . . . . . . . 2 2 . . . . . . 1 . 2 . . 4 . . 1 . 1 . 2 . 1 . Derelict Logs Recovered 18 | . . 2 . 1 . . . . 2 1 . 3 . . . . . . . . 2 2 . 1 . . . 2 2 . . . . . . . . . . . Drone Launches . | . . . . . . . . . . . . . . . . . . . . . . . . . . . . . . . . . . . . . . . . . Drone Recoveries . | . . . . . . . . . . . . . . . . . . . . . . . . . . . . . . . . . . . . . . . . . Exploration | -11 -10 -10 -9 -9 -9 -8 -8 -7 -7 -7 -7 -6 -6 -6 -6 -6 -6 -5 -5 -5 -5 -5 -5 -4 -4 -4 -4 -4 -4 -4 -3 -3 -3 -3 -2 -2 -2 -1 -1 -1 ------------- Run | Scr Mat Min Mat Min Exi Min Mat Fac Low Low Dat Pro Fac Ext Cet Arc Hub Fac Was Fac Upp Upp War Pro Fac Was Fac Upp Upp Zhi Pro Res Arm Lab Res Tes Sec Acc Com Ac0 Turns Passed 32816 | 111 988 1102 1831 468 782 498 1114 2052 387 375 338 683 2450 450 139 204 267 706 152 1774 293 415 972 322 1054 101 1511 335 256 105 671 85 1416 291 802 815 929 1990 2834 748 Spaces Moved 55983 | 63 665 706 1678 980 1244 441 1608 3125 940 1006 93 1054 4591 481 187 79 759 1753 371 3904 1162 1221 1165 1086 1838 300 2964 1190 954 323 1098 167 2346 291 1760 1156 1470 3166 4843 1755 Core 316 | 12 . . . . . . . . . . . 251 . 21 . . . . . . . . 12 . . . . . . . 9 . 11 . . . . . . . Treads 370 | . . . 370 . . . . . . . . . . . . . . . . . . . . . . . . . . . . . . . . . . . . . Legs 11855 | 51 665 706 260 . . . . . . . . . . . . . . . . . . . . . . . . . . . . . . . . 1 408 3166 4843 1755 Wheels . | . . . . . . . . . . . . . . . . . . . . . . . . . . . . . . . . . . . . . . . . . Hover . | . . . . . . . . . . . . . . . . . . . . . . . . . . . . . . . . . . . . . . . . . Flight 43442 | . . . 1048 980 1244 441 1608 3125 940 1006 93 803 4591 460 187 79 759 1753 371 3904 1162 1221 1153 1086 1838 300 2964 1190 954 323 1089 167 2335 291 1760 1155 1062 . . . Fastest Speed 15 | 50 120 120 31 31 31 31 24 21 21 21 21 21 21 21 21 21 21 21 21 21 21 21 20 20 15 15 15 15 15 15 15 15 15 15 15 15 15 30 30 30 Average Speed 27 | 106 120 127 73 31 35 97 26 21 21 21 21 51 21 26 21 21 21 21 21 22 21 21 21 20 18 15 15 15 15 15 16 15 15 15 15 15 19 30 30 30 Slowest Speed 190 | 120 120 190 160 31 101 101 101 91 21 21 21 150 21 150 21 21 21 83 21 99 21 21 150 20 20 15 18 15 15 15 150 15 150 15 88 100 30 30 30 30 Overloaded Moves . | . . . . . . . . . . . . . . . . . . . . . . . . . . . . . . . . . . . . . . . . . Propulsion Burnouts . | . . . . . . . . . . . . . . . . . . . . . . . . . . . . . . . . . . . . . . . . . Robots Hopped 115 | . . . 7 9 . . 9 23 1 . . . 2 . . . 8 16 . 6 . . . . 4 . 12 . . . . 2 2 . 5 4 5 . . . Cave-ins Triggered 1 | . . . . . . . . . . . . . . . . . . . . . . . . . . . . . . . . . . . . . . 1 . . Teleports 5 | . . . . . . . . . . . . . . . . . . . . . . . . . . . . . . . . . . . 2 . 1 . 1 1 Exploration Rate (%) 80 | 4 99 98 98 99 90 98 99 61 97 99 73 98 80 75 69 74 80 51 97 81 99 98 89 99 38 95 83 99 98 60 93 5 94 95 26 88 76 84 88 80 Regions Visited 40 Branch Regions 26 Pre-discovered Areas 18 | . 2 2 2 1 1 . 1 . . . 1 1 . . . . . 1 . . . . . 1 . . . 1 1 3 . . . . . . . . . . Known Exits Taken 32 | . 1 . 1 1 1 1 1 1 1 1 1 1 1 1 1 1 1 . . 1 1 1 1 1 . . 1 1 1 1 1 1 1 1 1 1 1 . . . Unknown Exits Taken 4 | 1 . 1 . . . . . . . . . . . . . . . . . . . . . . . . . . . . . . . . . . . 1 1 . Scrap Searched 36 | . . 2 . 2 . 1 . . 2 4 . 2 . . . . . . . . 5 5 . 4 . . . 4 4 . 1 . . . . . . . . . Spaces Dug 319 | . . . 12 . . . 1 17 . 1 . . 20 . . . 3 3 . 45 68 14 . . 11 . 18 . . . . 2 2 . 5 8 15 57 17 . Terrain Destroyed 8935 | . . 22 367 3 1 42 1 321 31 22 . . 354 . . 1 483 65 57 1028 128 160 154 32 126 131 658 54 23 . 13 2 135 . 5 13 234 1602 1892 775 Melee 79 | . . . . . . . 1 10 . 1 . . 11 . . . 3 3 . 6 1 . . . 11 . 7 . . . . 2 2 . 5 8 8 . . . Projectile 4116 | . . . . . 1 10 . 5 . . . . . . . . . 1 . 1 . . 4 . . . . . . . . . 2 . . 2 225 1247 1843 775 AOE 4730 | . . 22 367 3 . 32 . 303 31 21 . . 342 . . . 480 61 57 1021 127 160 149 32 115 131 651 54 23 . 13 . 131 . . . . 355 49 . Terrain Rammed . | . . . . . . . . . . . . . . . . . . . . . . . . . . . . . . . . . . . . . . . . . Walls Destroyed . | . . . . . . . . . . . . . . . . . . . . . . . . . . . . . . . . . . . . . . . . . Machines Disabled . | . . . . . . . . . . . . . . . . . . . . . . . . . . . . . . . . . . . . . . . . . Actions | -11 -10 -10 -9 -9 -9 -8 -8 -7 -7 -7 -7 -6 -6 -6 -6 -6 -6 -5 -5 -5 -5 -5 -5 -4 -4 -4 -4 -4 -4 -4 -3 -3 -3 -3 -2 -2 -2 -1 -1 -1 --------- Run | Scr Mat Min Mat Min Exi Min Mat Fac Low Low Dat Pro Fac Ext Cet Arc Hub Fac Was Fac Upp Upp War Pro Fac Was Fac Upp Upp Zhi Pro Res Arm Lab Res Tes Sec Acc Com Ac0 Total 70980 | 81 770 788 2008 1086 1507 486 2221 4264 1111 1156 410 1177 5866 761 276 257 839 2025 436 4551 1196 1358 1808 1178 2497 341 3802 1326 1061 375 1558 222 3231 539 2276 1749 1986 4207 6219 1975 Wait 7928 | . 26 6 69 71 122 2 444 650 68 90 318 65 763 21 48 140 49 142 40 193 8 92 479 66 515 28 405 84 93 29 260 48 340 199 383 383 206 460 501 22 Move 55727 | 62 664 705 1663 961 1243 440 1589 3085 937 1005 92 1053 4586 480 186 78 743 1722 370 3891 1161 1220 1164 1085 1831 299 2939 1189 953 322 1097 162 2341 290 1750 1148 1461 3164 4842 1754 Hop 101 | . . . 7 9 . . 9 16 1 . . . 2 . . . 7 15 . 6 . . . . 3 . 12 . . . . 2 2 . 4 3 3 . . . Pick Up 228 | 1 1 . 5 1 17 . . 4 1 . . . 8 2 3 2 2 2 7 12 . . 10 . 1 1 10 2 1 2 2 2 6 18 4 29 12 34 19 7 Fast Attach 295 | 7 7 3 20 . 12 5 9 7 . 1 . . 8 . . . 2 3 . 7 2 3 10 . 8 . 8 . . 7 1 . 8 4 44 29 23 8 28 21 Attach 56 | . . . . 1 3 . . 3 2 . . . . . . . . . 1 3 . . . . 1 . . . . . . . 1 1 2 10 6 7 10 5 Detach 16 | . . . . . 1 1 . 2 2 . . . . . . . . . . . . . . . 2 . . . . . . . . 1 . 3 . 1 1 2 Swap 249 | . 1 1 12 1 9 . 3 3 6 . . 1 12 6 . 2 3 9 5 26 . . 13 5 5 . 22 2 . 3 2 3 33 2 1 15 10 22 9 2 Drop 442 | . 8 1 22 . 29 5 6 7 1 1 . 1 11 1 3 3 1 4 7 15 2 2 19 . 9 1 14 2 1 7 2 2 9 19 47 58 19 40 41 22 Fire 2114 | 11 43 60 166 28 59 16 . 76 2 2 . . 70 5 . 8 6 13 6 132 8 13 69 2 6 12 97 4 1 . 1 . 27 . . 29 78 352 614 98 Melee 1790 | . . . . . . 10 112 286 26 20 . 29 235 65 22 2 21 61 . 144 9 8 . 13 58 . 188 28 7 4 63 3 224 5 27 36 84 . . . Ram 1 | . . . . . . 1 . . . . . . . . . . . . . . . . . . . . . . . . . . . . . . . . . . Kick 3 | . . . . . . . . . . . . . . . . . . . . . . . . . . . . . . . . . . . . . 2 1 . . Crush . | . . . . . . . . . . . . . . . . . . . . . . . . . . . . . . . . . . . . . . . . . Escape Stasis 140 | . . . . . . . . . . . . . 18 2 . . . . . . . . . . 35 . 13 . . . . . 39 . . . 10 23 . . Rewire 392 | . . . . . . . . . 28 19 . 12 . 127 . . . . . 11 . . . . . . . . . . 107 . 88 . . . . . . . Trap . | . . . . . . . . . . . . . . . . . . . . . . . . . . . . . . . . . . . . . . . . . Miscellaneous 1498 | . 20 12 44 14 12 6 49 125 37 18 . 16 153 52 14 22 5 54 . 111 6 20 44 7 23 . 94 15 5 1 23 . 113 . 14 6 72 95 154 42 Route ------- -11/Scrapyard -10/Materials (discovered 5 exits: *Mat x3 / *Min x2) -10/Mines (discovered 2 exits: *Mat x2) -9/Materials (discovered 4 exits: *Mat x3 / *Min) -9/Mines (discovered 3 exits: *Mat x2 / *Exi) -9/Exiles (discovered 2 exits: *Min x2) -8/Mines (discovered 2 exits: *Mat x2) -8/Materials (discovered 3 exits: *Fac x3) -7/Factory (discovered 8 exits: *Fac x4 / *Sto x2 / *Low x2) -7/Lower Caves -7/Lower Caves (discovered 2 exits: *Fac / *Dat) -7/Data Miner -6/Proximity Caves -6/Factory (discovered 7 exits: *Fac x3 / *Low x2 / *Ext x2) -6/Extension (discovered 3 exits: *Fac x2 / *Cet) -6/Cetus (discovered 2 exits: *Fac / *Arc) -6/Archives (discovered 2 exits: *Hub x2) -6/Hub_04(d) (discovered 3 exits: *Fac x3) -5/Factory (discovered 4 exits: *Fac x2 / *Upp x2) -5/Waste -5/Factory (discovered 6 exits: *Fac x4 / *Upp x2) -5/Upper Caves -5/Upper Caves (discovered 2 exits: *Fac / *War) -5/Warlord -4/Proximity Caves -4/Factory (discovered 4 exits: *Res x2 / *Upp x2) -4/Waste -4/Factory (discovered 6 exits: *Res x4 / *Upp x2) -4/Upper Caves -4/Upper Caves (discovered 2 exits: *Res / *Zhi) -4/Zhirov -3/Proximity Caves -3/Research (discovered 2 exits: Res / *Arm) -3/Armory (discovered 3 exits: *Res x2 / *Lab) -3/Lab -2/Research (discovered 2 exits: *Tes x2) -2/Testing (discovered 2 exits: *Acc / *Sec) -2/Section 7 -1/Access (discovered 2 exits: [Sur] / *Com) -1/Command (discovered 3 exits: [*Sur x2] / *Ac0) -1/Access_0 To Fleet Rendezvous History --------- Turn | Location | Event 2 | -11/Scrapyard | Upgraded with Propulsion slot (x1) 2 | -11/Scrapyard | Upgraded with Utility slot (x1) 2 | -11/Scrapyard | Upgraded with Weapon slot (x1) 4 | -11/Scrapyard | Discovered new exit (range 16) 112 | -11/Scrapyard | Entered Materials 112 | -10/Materials | Discovered new exit (range 8) 298 | -10/Materials | Discovered new exit (range 3) 309 | -10/Materials | Build established: Skirmisher 433 | -10/Materials | Discovered new exit (range 12) 501 | -10/Materials | Reached level 2 514 | -10/Materials | Upgraded with Utility slot (x1) 626 | -10/Materials | Discovered new exit (range 16) 641 | -10/Materials | Identified exit to Mines 969 | -10/Materials | Discovered new exit (range 14) 1100 | -10/Materials | Entered Mines 1102 | -10/Mines | Reached level 3 1104 | -10/Mines | Upgraded with Propulsion slot (x1) 1104 | -10/Mines | Upgraded with Weapon slot (x1) 1447 | -10/Mines | Discovered new exit (range 16) 1512 | -10/Mines | Discovered new exit (range 9) 1859 | -10/Mines | YI-UF0 nonchalantly dropped a Grenade Launcher on the ground 1896 | -10/Mines | Destroyed YI-UF0 2068 | -10/Mines | Reached level 4 2070 | -10/Mines | Upgraded with Utility slot (x1) 2202 | -10/Mines | Entered Materials 2204 | -9/Materials | Reached level 5 2530 | -9/Materials | Discovered new exit (range 17) 2633 | -9/Materials | Reached level 6 2773 | -9/Materials | Discovered new exit (range 16) 3036 | -9/Materials | Reached level 7 3049 | -9/Materials | Build established: Scavenger-Skirmisher 3238 | -9/Materials | Discovered new exit (range 11) 3253 | -9/Materials | Identified exit to Mines 3402 | -9/Materials | First assault squad dispatched 3455 | -9/Materials | Reached level 8 3504 | -9/Materials | Destroyed 9 combat bots 3547 | -9/Materials | Central database locked down 3549 | -9/Materials | Discovered new exit (range 4) 3629 | -9/Materials | Reached level 9 3634 | -9/Materials | Upgraded with Propulsion slot (x1) 3715 | -9/Materials | Build established: Scout 4033 | -9/Materials | Entered Mines 4035 | -9/Mines | Reached level 10 4046 | -9/Mines | Upgraded with Weapon slot (x1) 4051 | -9/Mines | Assembled infested the area 4116 | -9/Mines | Destroyed 8 combat bots 4127 | -9/Mines | Discovered new exit (range 16) 4133 | -9/Mines | Identified exit to Materials 4137 | -9/Mines | Met a Derelict shopkeep closing up shop 4183 | -9/Mines | Learned location of 1 exit from Materials 4195 | -9/Mines | Discovered exit to Materials (range 8) 4237 | -9/Mines | Found a damaged Exp. Sensor Array with a note attached 4263 | -9/Mines | Received a Rocket Launcher from a helpful Derelict 4281 | -9/Mines | Discovered new exit (range 16) 4299 | -9/Mines | Assisted by bots powering up and referring to "LRC-V3" 4302 | -9/Mines | Learned location of Storage (-7) 4305 | -9/Mines | Deemed a non-threat by the Exiles lab entrance 4477 | -9/Mines | Identified exit to Exiles 4501 | -9/Mines | Entered Exiles 4501 | -9/Exiles | Accompanied by 3 allies 4506 | -9/Exiles | Discovered new exit (range 16) 4509 | -9/Exiles | Met 8R-AWN 4554 | -9/Exiles | Met EX-HEX 4566 | -9/Exiles | Met EX-DEC 4568 | -9/Exiles | Learned location of Zion (-6) 4573 | -9/Exiles | Met EX-BIN 4589 | -9/Exiles | Discovered new exit (range 15) 4593 | -9/Exiles | Identified exit to Mines 4691 | -9/Exiles | Aligned with FarCom system 4691 | -9/Exiles | Given EX-Vault access code 4698 | -9/Exiles | Opened EX-Vault 4700 | -9/Exiles | Found Gui. Plasma Cannon 4722 | -9/Exiles | Warned to stay clear of 0b10 Research branches 4865 | -9/Exiles | Attacked by the Exiles 5032 | -9/Exiles | Destroyed 8R-AWN 5048 | -9/Exiles | Found Prototype Ballistic Gun 5048 | -9/Exiles | Identified 8R-AWN's Boregun 5051 | -9/Exiles | Found Prototype Processor 5051 | -9/Exiles | Identified Exp. Targeting Computer 5057 | -9/Exiles | Found Prototype Device 5057 | -9/Exiles | Identified AS-neutralizer No. 17b 5138 | -9/Exiles | Destroyed EX-BIN 5172 | -9/Exiles | Found Prototype Protection 5177 | -9/Exiles | Identified 8R-AWN's Armor/EX 5219 | -9/Exiles | Destroyed EX-DEC 5224 | -9/Exiles | Destroyed EX-HEX 5232 | -9/Exiles | Found Prototype Processor 5232 | -9/Exiles | Identified Exp. Core Analyzer 5283 | -9/Exiles | Entered Mines 5285 | -8/Mines | Reached level 11 5302 | -8/Mines | CL-ANK came to Exiles' defense 5311 | -8/Mines | Discovered exit to Materials (range 13) 5323 | -8/Mines | Destroyed CL-ANK 5327 | -8/Mines | Upgraded with Utility slot (x1) 5328 | -8/Mines | Found Prototype Impact Weapon 5328 | -8/Mines | Identified CL-ANK's Mallet 5330 | -8/Mines | Found Prototype Processor 5330 | -8/Mines | Identified Exp. Melee Analysis Suite 5472 | -8/Mines | Discovered exit to Materials (range 10) 5629 | -8/Mines | Build established: Scavenger-Gladiator 5781 | -8/Mines | Entered Materials 5782 | -8/Materials | Identified exit to Factory 5783 | -8/Materials | Reached level 12 5930 | -8/Materials | Reached level 13 5931 | -8/Materials | Upgraded with Utility slot (x1) 6091 | -8/Materials | Build established: Scavenger-Scout 6320 | -8/Materials | Discovered exit to Factory (range 10) 6399 | -8/Materials | Discovered exit to Factory (range 10) 6468 | -8/Materials | Repaired Imp. Terrain Scanner 6491 | -8/Materials | Reached level 14 6493 | -8/Materials | Upgraded with Propulsion slot (x1) 6507 | -8/Materials | Upgraded with Power slot (x1) 6895 | -8/Materials | Entered Factory 6897 | -7/Factory | Reached level 15 6993 | -7/Factory | Upgraded with Propulsion slot (x1) 7114 | -7/Factory | Discovered new exit (range 15) 7146 | -7/Factory | Identified exit to Storage 7159 | -7/Factory | Discovered new exit (range 17) 7171 | -7/Factory | Identified exit to Lower Caves 7194 | -7/Factory | Discovered new exit (range 5) 7237 | -7/Factory | Identified exit to Factory 7257 | -7/Factory | Reached level 16 7460 | -7/Factory | Reached level 17 7461 | -7/Factory | Upgraded with Utility slot (x1) 7495 | -7/Factory | High security lockdown imminent 7543 | -7/Factory | Destroyed 7 combat bots 7575 | -7/Factory | High security lockdown engaged 7629 | -7/Factory | Destroyed 11 combat bots 7767 | -7/Factory | Build established: Scavenger-Ninja 7798 | -7/Factory | Destroyed 14 combat bots 7860 | -7/Factory | Reached level 18 7981 | -7/Factory | Destroyed 19 combat bots 8173 | -7/Factory | Destroyed 17 combat bots 8301 | -7/Factory | Destroyed 10 combat bots 8379 | -7/Factory | Destroyed 9 combat bots 8403 | -7/Factory | Build established: Scavenger-Scout 8444 | -7/Factory | Sterilization system engaged 8444 | -7/Factory | Non-combat units ordered to evacuate 8506 | -7/Factory | Destroyed 11 combat bots 8544 | -7/Factory | Combat units ordered to evacuate 8563 | -7/Factory | Reached level 19 8565 | -7/Factory | Upgraded with Utility slot (x1) 8649 | -7/Factory | Core integrity fell below 50% 8667 | -7/Factory | Destroyed 10 combat bots 8744 | -7/Factory | Ambient heat levels rising (+10) 8894 | -7/Factory | Ambient heat levels rising (+10) 8918 | -7/Factory | Build established: Scavenger-Ninja 8947 | -7/Factory | Entered Lower Caves 8997 | -7/Lower Caves | Learned Factory terminal intel 9022 | -7/Lower Caves | Encountered a Warlord checkpoint 9052 | -7/Lower Caves | Attracted the attention of an 0b10 outpost 9063 | -7/Lower Caves | Learned location of 1 exit from Factory 9100 | -7/Lower Caves | Destroyed 7 combat bots 9208 | -7/Lower Caves | Discovered new exit (range 11) 9227 | -7/Lower Caves | Identified exit to Lower Caves 9231 | -7/Lower Caves | Attracted the attention of an 0b10 checkpoint 9280 | -7/Lower Caves | Spotted B-75 Beast 9281 | -7/Lower Caves | Destroyed B-75 Beast 9334 | -7/Lower Caves | Entered another Lower Caves area 9334 | -7/Lower Caves | Accompanied by 1 ally 9344 | -7/Lower Caves | Discovered exit to Factory (range 12) 9402 | -7/Lower Caves | Encountered a Warlord checkpoint 9509 | -7/Lower Caves | Destroyed 8 combat bots 9584 | -7/Lower Caves | Identified exit to Data Miner 9709 | -7/Lower Caves | Entered Data Miner 9709 | -7/Data Miner | Accompanied by 2 allies 9709 | -7/Data Miner | Discovered new exit (range 6) 9713 | -7/Data Miner | Met Data Miner 9718 | -7/Data Miner | Learned location of Section 7 (-2) 9718 | -7/Data Miner | Acquired the access code to Warlord's prototype stash 9843 | -7/Data Miner | Received God Mode back door access code from Data Miner 10041 | -7/Data Miner | Identified exit to Proximity Caves 10047 | -7/Data Miner | Entered Proximity Caves 10047 | -6/Proximity Caves | Accompanied by 2 allies 10049 | -6/Proximity Caves | Reached level 20 10062 | -6/Proximity Caves | Spotted B-75 Beast 10063 | -6/Proximity Caves | Destroyed B-75 Beast 10065 | -6/Proximity Caves | Escorted by Enhanced Grunt 10220 | -6/Proximity Caves | Destroyed 9 combat bots 10362 | -6/Proximity Caves | Learned 4 Factory zone layouts 10398 | -6/Proximity Caves | Received a Behemoth hack from an annoying Tinkerer 10513 | -6/Proximity Caves | Build established: Scavenger-Gladiator 10730 | -6/Proximity Caves | Entered Factory 10730 | -6/Factory | Accompanied by 5 allies 10731 | -6/Factory | Identified exit to Factory 10733 | -6/Factory | Loaded intel: 28 terminal locations 10768 | -6/Factory | Discovered new exit (range 5) 10770 | -6/Factory | Identified exit to Lower Caves 10778 | -6/Factory | Found Prototype Launcher 10864 | -6/Factory | Identified Rocket Array 10950 | -6/Factory | Reached level 21 10972 | -6/Factory | Incoming investigation squad redirected 11011 | -6/Factory | Fabricated Lgt. Regenerative Plating? 11044 | -6/Factory | Identified exit to Extension 11053 | -6/Factory | Fabricated Mic. Fission Core? 11195 | -6/Factory | Discovered exit to Factory (range 16) 11213 | -6/Factory | Allied Derelicts emerged from ambush trap array 11225 | -6/Factory | Noticed a derelict Sapper rigging charges 11296 | -6/Factory | Discovered exit to Factory (range 5) 11307 | -6/Factory | Build established: Scavenger-Scout 11373 | -6/Factory | High security lockdown imminent 11397 | -6/Factory | Destroyed 10 combat bots 11453 | -6/Factory | High security lockdown engaged 11632 | -6/Factory | Reached level 22 11692 | -6/Factory | Destroyed 8 combat bots 11850 | -6/Factory | Destroyed 12 combat bots 12017 | -6/Factory | Destroyed 7 combat bots 12134 | -6/Factory | Destroyed 10 combat bots 12193 | -6/Factory | Destroyed 10 combat bots 12276 | -6/Factory | Destroyed 9 combat bots 12327 | -6/Factory | Core integrity fell below 50% 12425 | -6/Factory | Sterilization system engaged 12425 | -6/Factory | Non-combat units ordered to evacuate 12514 | -6/Factory | Reached level 23 12525 | -6/Factory | Combat units ordered to evacuate 12546 | -6/Factory | Destroyed 18 combat bots 12630 | -6/Factory | Destroyed 9 combat bots 12725 | -6/Factory | Ambient heat levels rising (+10) 12875 | -6/Factory | Ambient heat levels rising (+10) 13025 | -6/Factory | Ambient heat levels rising (+10) 13175 | -6/Factory | Ambient heat levels rising (+10) 13180 | -6/Factory | Entered Extension 13207 | -6/Extension | Rescued a captive Derelict 13303 | -6/Extension | Rescued a captive Derelict 13303 | -6/Extension | Rescued a captive Derelict 13310 | -6/Extension | High security lockdown imminent 13347 | -6/Extension | Rescued a captive Derelict 13348 | -6/Extension | Spotted B-75 Beast 13349 | -6/Extension | Spotted B-75 Beast 13352 | -6/Extension | Rescued a captive Derelict 13358 | -6/Extension | Destroyed B-75 Beast 13365 | -6/Extension | Destroyed B-75 Beast 13367 | -6/Extension | Discovered exit to Factory (range 5) 13383 | -6/Extension | Rescued a captive Derelict 13390 | -6/Extension | High security lockdown engaged 13427 | -6/Extension | Rescued A7 13441 | -6/Extension | Rescued a captive Derelict 13501 | -6/Extension | Destroyed 8 combat bots 13554 | -6/Extension | Rescued a captive Derelict 13555 | -6/Extension | Rescued a captive Derelict 13611 | -6/Extension | Discovered exit to Factory (range 10) 13611 | -6/Extension | Discovered new exit (range 6) 13614 | -6/Extension | Identified exit to Cetus 13630 | -6/Extension | Entered Cetus 13630 | -6/Cetus | Accompanied by 1 ally (A7) 13635 | -6/Cetus | Acquired a Cetus Manufacturing Module code from A7 13648 | -6/Cetus | Spotted Cetus Guard 13649 | -6/Cetus | Spotted Cetus Guard 13650 | -6/Cetus | Spotted Cetus Guard 13657 | -6/Cetus | Spotted Cetus Guard 13657 | -6/Cetus | Destroyed Cetus Guard 13660 | -6/Cetus | Destroyed Cetus Guard 13662 | -6/Cetus | Destroyed Cetus Guard 13663 | -6/Cetus | Destroyed Cetus Guard 13665 | -6/Cetus | High security lockdown imminent 13675 | -6/Cetus | Started Cetus Manufacturing Module 13686 | -6/Cetus | Escorted A7 to Cetus Mainframe 13688 | -6/Cetus | Discovered new exit (range 16) 13691 | -6/Cetus | Identified exit to Archives 13700 | -6/Cetus | Manufactured an Enhanced Grunt 13704 | -6/Cetus | Spotted Cetus Guard 13704 | -6/Cetus | Spotted Cetus Guard 13705 | -6/Cetus | Spotted Cetus Guard 13705 | -6/Cetus | Discovered exit to Factory (range 17) 13706 | -6/Cetus | Spotted Cetus Guard 13707 | -6/Cetus | Destroyed Cetus Guard 13709 | -6/Cetus | Destroyed Cetus Guard 13711 | -6/Cetus | Destroyed Cetus Guard 13720 | -6/Cetus | Destroyed Cetus Guard 13722 | -6/Cetus | Met Revision 17 13725 | -6/Cetus | Manufactured an Enhanced Grunt 13745 | -6/Cetus | High security lockdown engaged 13750 | -6/Cetus | Manufactured an Enhanced Grunt 13764 | -6/Cetus | Destroyed A7 13766 | -6/Cetus | Extracted ID and sensor layout for unrecognized location from A7's data core 13769 | -6/Cetus | Entered Archives 13769 | -6/Archives | Accompanied by 2 allies 13771 | -6/Archives | Reached level 24 13930 | -6/Archives | Discovered new exit (range 17) 13940 | -6/Archives | Discovered new exit (range 18) 13959 | -6/Archives | Identified exit to Hub_04(d) 13973 | -6/Archives | Entered Hub_04(d) 13973 | -6/Hub_04(d) | Accompanied by 2 allies 13994 | -6/Hub_04(d) | Discovered exit to Factory (range 4) 14073 | -6/Hub_04(d) | Discovered exit to Factory (range 6) 14109 | -6/Hub_04(d) | Incoming investigation squad redirected 14185 | -6/Hub_04(d) | Network Hub disabled 14186 | -6/Hub_04(d) | Spotted Lightning 14186 | -6/Hub_04(d) | Spotted Lightning 14186 | -6/Hub_04(d) | Spotted Lightning 14186 | -6/Hub_04(d) | Discovered exit to Factory (range 16) 14189 | -6/Hub_04(d) | Spotted B-75 Beast 14189 | -6/Hub_04(d) | Network Hub disabled 14199 | -6/Hub_04(d) | Network Hub disabled 14203 | -6/Hub_04(d) | Network Hub disabled 14238 | -6/Hub_04(d) | System corruption reached 10% 14240 | -6/Hub_04(d) | Entered Factory 14301 | -5/Factory | Identified exit to Upper Caves 14343 | -5/Factory | Build established: Scavenger-Ninja 14349 | -5/Factory | Discovered new exit (range 6) 14350 | -5/Factory | Identified exit to Factory 14476 | -5/Factory | Discovered exit to Factory (range 14) 14540 | -5/Factory | First assault squad dispatched 14696 | -5/Factory | Destroyed 13 combat bots 14773 | -5/Factory | Destroyed 8 combat bots 14862 | -5/Factory | Incoming assault squad redirected 14870 | -5/Factory | Build established: Scavenger-Scout 14903 | -5/Factory | Incoming investigation squad redirected 14946 | -5/Factory | Manually triggered Chute Trap 14946 | -5/Factory | Sucked down chute 14946 | -5/Factory | Entered Waste 14948 | -5/Waste | Reached level 25 14965 | -5/Waste | Warlord forces began an assault 14979 | -5/Waste | Spotted C-40 Crusher 14979 | -5/Waste | Spotted C-40 Crusher 14979 | -5/Waste | Spotted C-40 Crusher 14979 | -5/Waste | Destroyed C-40 Crusher 14982 | -5/Waste | Destroyed C-40 Crusher 14982 | -5/Waste | Destroyed C-40 Crusher 14990 | -5/Waste | Found Prototype Hackware 14994 | -5/Waste | Spotted C-40 Crusher 14995 | -5/Waste | Spotted C-40 Crusher 14995 | -5/Waste | Destroyed C-40 Crusher 14997 | -5/Waste | Identified Exp. System Shield 14999 | -5/Waste | Destroyed C-40 Crusher 15001 | -5/Waste | Spotted C-40 Crusher 15002 | -5/Waste | Allies destroyed C-40 Crusher 15023 | -5/Waste | Discovered new exit (range 16) 15026 | -5/Waste | Identified exit to Factory 15028 | -5/Waste | Found Prototype Device 15042 | -5/Waste | Found Prototype Device 15049 | -5/Waste | Identified Exp. Thermal Defense Suite (x2) 15098 | -5/Waste | Entered Factory 15098 | -5/Factory | Accompanied by 18 allies 15169 | -5/Factory | Fabricated Adv. Force Booster? 15202 | -5/Factory | Spotted B-75 Beast 15223 | -5/Factory | Destroyed B-75 Beast 15258 | -5/Factory | Discovered exit to Factory (range 16) 15392 | -5/Factory | Discovered exit to Factory (range 11) 15646 | -5/Factory | Discovered exit to Factory (range 5) 15676 | -5/Factory | Destroyed 8 combat bots 15686 | -5/Factory | High security lockdown imminent 15694 | -5/Factory | Fabricated Cld. Cesium-ion Thruster (x1) 15766 | -5/Factory | High security lockdown engaged 15778 | -5/Factory | Fabricated Cld. Cesium-ion Thruster (x1) 15889 | -5/Factory | Reached level 26 15919 | -5/Factory | Destroyed 9 combat bots 16076 | -5/Factory | Destroyed 9 combat bots 16186 | -5/Factory | Destroyed 32 combat bots 16325 | -5/Factory | Destroyed 7 combat bots 16463 | -5/Factory | Sterilization system engaged 16463 | -5/Factory | Non-combat units ordered to evacuate 16483 | -5/Factory | Core integrity fell below 50% 16523 | -5/Factory | Destroyed 28 combat bots 16563 | -5/Factory | Combat units ordered to evacuate 16654 | -5/Factory | Discovered exit to Factory (range 16) 16763 | -5/Factory | Ambient heat levels rising (+10) 16872 | -5/Factory | Entered Upper Caves 16873 | -5/Upper Caves | Learned Factory terminal intel 16936 | -5/Upper Caves | Attracted the attention of an 0b10 checkpoint 17061 | -5/Upper Caves | Reached level 27 17109 | -5/Upper Caves | Discovered new exit (range 10) 17112 | -5/Upper Caves | Identified exit to Upper Caves 17136 | -5/Upper Caves | Encountered a Warlord checkpoint 17137 | -5/Upper Caves | Learned Factory interactive machine intel 17165 | -5/Upper Caves | Entered another Upper Caves area 17175 | -5/Upper Caves | Discovered exit to Factory (range 16) 17232 | -5/Upper Caves | Attracted the attention of an 0b10 checkpoint 17347 | -5/Upper Caves | Learned 8 Factory zone layouts 17395 | -5/Upper Caves | Learned Factory interactive machine intel 17444 | -5/Upper Caves | Discovered new exit (range 11) 17455 | -5/Upper Caves | Identified exit to Warlord 17580 | -5/Upper Caves | Entered Warlord 17674 | -5/Warlord | Met Warlord 17676 | -5/Warlord | Opened Warlord's prototype stash 17685 | -5/Warlord | Found Prototype Reactor 17687 | -5/Warlord | Found Prototype Device 17689 | -5/Warlord | Found Prototype Processor 17691 | -5/Warlord | Identified Vortex Chain Reactor 17692 | -5/Warlord | Found Prototype Hackware 17695 | -5/Warlord | Identified System Purifier 17699 | -5/Warlord | Warlord's base attacked by MAIN.C 17715 | -5/Warlord | Identified Exp. Target Analyzer 17718 | -5/Warlord | Found Prototype Piercing Weapon 17719 | -5/Warlord | Identified Vortex Lance 17720 | -5/Warlord | Identified Ghost Barrier 17722 | -5/Warlord | Found Vortex Lance 17858 | -5/Warlord | P-70 Sage assimilated allied CB-1MR(Y) 17972 | -5/Warlord | Build established: Scavenger-Sprinter 18049 | -5/Warlord | Warlord forces counterattacked 18059 | -5/Warlord | Spotted Striker 18065 | -5/Warlord | Spotted Striker 18078 | -5/Warlord | Spotted Executioner 18107 | -5/Warlord | Destroyed 12 combat bots 18110 | -5/Warlord | Spotted Striker 18112 | -5/Warlord | Discovered new exit (range 14) 18199 | -5/Warlord | Spotted Striker 18206 | -5/Warlord | Spotted B-86 Titan 18302 | -5/Warlord | Spotted Executioner 18318 | -5/Warlord | Spotted Executioner 18319 | -5/Warlord | Spotted Striker 18374 | -5/Warlord | Warlord base infiltrated, sounded retreat 18411 | -5/Warlord | Spotted Striker 18412 | -5/Warlord | Spotted Striker 18505 | -5/Warlord | Spotted Striker 18541 | -5/Warlord | Identified exit to Proximity Caves 18552 | -5/Warlord | Entered Proximity Caves 18673 | -4/Proximity Caves | Spotted B-86 Titan 18674 | -4/Proximity Caves | Destroyed B-86 Titan 18759 | -4/Proximity Caves | Discovered exit to Factory (range 5) 18853 | -4/Proximity Caves | Destroyed 7 combat bots 18868 | -4/Proximity Caves | Learned Armory garrison access intel 18868 | -4/Proximity Caves | Learned location of 1 exit from Research 18874 | -4/Proximity Caves | Entered Factory 18875 | -4/Factory | Identified exit to Research 18876 | -4/Factory | Loaded intel: 52 interactive machine locations 18877 | -4/Factory | Loaded intel: 26 terminal locations 18910 | -4/Factory | Identified exit to Upper Caves 19192 | -4/Factory | Build established: Scavenger-Scout 19203 | -4/Factory | Found Exp. Melee Analysis Suite 19257 | -4/Factory | Fabricated Imp. Diametric Drive (x1) 19491 | -4/Factory | Fabricated Imp. Diametric Drive (x1) 19564 | -4/Factory | Reached level 28 19624 | -4/Factory | First assault squad dispatched 19654 | -4/Factory | Incoming assault squad redirected 19728 | -4/Factory | Fabricated Imp. Diametric Drive (x1) 19767 | -4/Factory | Fabricated Imp. Diametric Drive (x1) 19890 | -4/Factory | Incoming assault squad redirected 19913 | -4/Factory | Destroyed 7 combat bots 19928 | -4/Factory | Sucked down chute 19928 | -4/Factory | Entered Waste 19934 | -4/Waste | Spotted C-40 Crusher 19934 | -4/Waste | Spotted C-40 Crusher 19934 | -4/Waste | Spotted C-40 Crusher 19934 | -4/Waste | Spotted C-40 Crusher 19942 | -4/Waste | Spotted C-40 Crusher 19942 | -4/Waste | Discovered new exit (range 12) 19945 | -4/Waste | Warlord forces began an assault 19955 | -4/Waste | Allies destroyed C-40 Crusher 19956 | -4/Waste | Destroyed C-40 Crusher 19970 | -4/Waste | Spotted C-40 Crusher 19973 | -4/Waste | Destroyed C-40 Crusher 19981 | -4/Waste | Destroyed C-40 Crusher 19985 | -4/Waste | Destroyed C-40 Crusher 20001 | -4/Waste | Identified exit to Factory 20029 | -4/Waste | Entered Factory 20029 | -4/Factory | Accompanied by 14 allies 20030 | -4/Factory | Loaded intel: 51 interactive machine locations 20079 | -4/Factory | Discovered exit to Research (range 18) 20100 | -4/Factory | Found Prototype Launcher 20101 | -4/Factory | Identified Adv. Micro-nuke Launcher 20166 | -4/Factory | Destroyed 12 combat bots 20186 | -4/Factory | Discovered exit to Research (range 16) 20215 | -4/Factory | Spotted B-86 Titan 20218 | -4/Factory | Incoming investigation squad redirected 20279 | -4/Factory | First assault squad dispatched 20280 | -4/Factory | Destroyed B-86 Titan 20302 | -4/Factory | Incoming assault squad redirected 20409 | -4/Factory | Central database locked down 20417 | -4/Factory | P-70 Sage assimilated allied Technician 7a 20501 | -4/Factory | Fabricated Prc. Energy Filter (x1) 20544 | -4/Factory | Incoming assault squad redirected 20549 | -4/Factory | Incoming assault squad redirected 20595 | -4/Factory | Found Prototype Launcher 20604 | -4/Factory | Identified Com. Tesla Bomb Launcher 20674 | -4/Factory | Incoming investigation squad redirected 20730 | -4/Factory | Reached level 29 20742 | -4/Factory | Incoming assault squad redirected 20771 | -4/Factory | Incoming investigation squad redirected 20808 | -4/Factory | High security lockdown imminent 20873 | -4/Factory | Destroyed 12 combat bots 20888 | -4/Factory | High security lockdown engaged 20991 | -4/Factory | Spotted B-86 Titan 20993 | -4/Factory | Destroyed B-86 Titan 21075 | -4/Factory | Destroyed 23 combat bots 21126 | -4/Factory | Build established: Scavenger-Sprinter 21133 | -4/Factory | Destroyed 17 combat bots 21189 | -4/Factory | Destroyed 9 combat bots 21229 | -4/Factory | Sterilization system engaged 21229 | -4/Factory | Non-combat units ordered to evacuate 21319 | -4/Factory | Destroyed 22 combat bots 21329 | -4/Factory | Combat units ordered to evacuate 21529 | -4/Factory | Ambient heat levels rising (+10) 21540 | -4/Factory | Entered Upper Caves 21541 | -4/Upper Caves | Encountered a Warlord checkpoint 21577 | -4/Upper Caves | Attracted the attention of an 0b10 checkpoint 21630 | -4/Upper Caves | Learned location of Testing (-2) 21712 | -4/Upper Caves | Learned Research garrison access intel 21756 | -4/Upper Caves | Attracted the attention of an 0b10 base 21778 | -4/Upper Caves | Learned Factory garrison access intel 21778 | -4/Upper Caves | Learned Factory trap positions 21778 | -4/Upper Caves | Learned 6 Proximity Caves zone layouts 21778 | -4/Upper Caves | Identified exit to Upper Caves 21790 | -4/Upper Caves | Destroyed 7 combat bots 21816 | -4/Upper Caves | Build established: Scavenger-Scout 21875 | -4/Upper Caves | Entered another Upper Caves area 21878 | -4/Upper Caves | Discovered exit to Research (range 17) 21945 | -4/Upper Caves | Learned Research stockpile data 22012 | -4/Upper Caves | Attracted the attention of an 0b10 checkpoint 22039 | -4/Upper Caves | Spotted B-86 Titan 22041 | -4/Upper Caves | Destroyed B-86 Titan 22125 | -4/Upper Caves | Discovered new exit (range 11) 22126 | -4/Upper Caves | Identified exit to Zhirov 22131 | -4/Upper Caves | Entered Zhirov 22131 | -4/Zhirov | Discovered new exit (range 3) 22134 | -4/Zhirov | Met Zhirov 22137 | -4/Zhirov | Learned location of Quarantine (-3) 22138 | -4/Zhirov | Zhirov requested help retrieving the SGEMP Prototype 22141 | -4/Zhirov | Found Alien Artifact 22141 | -4/Zhirov | Identified Integrated Dissipator 22141 | -4/Zhirov | Installed Integrated Dissipator, increased core heat dissipation (+20) 22160 | -4/Zhirov | Found Alien Artifact 22171 | -4/Zhirov | Identified exit to Proximity Caves 22236 | -4/Zhirov | Entered Proximity Caves 22238 | -3/Proximity Caves | Reached level 30 22287 | -3/Proximity Caves | Attracted the attention of an 0b10 checkpoint 22302 | -3/Proximity Caves | Spotted B-86 Titan 22303 | -3/Proximity Caves | Destroyed B-86 Titan 22339 | -3/Proximity Caves | Destroyed 9 combat bots 22498 | -3/Proximity Caves | Attracted the attention of an 0b10 outpost 22544 | -3/Proximity Caves | Destroyed 9 combat bots 22600 | -3/Proximity Caves | Snuck into a huge 0b10 base via the rear entrance 22694 | -3/Proximity Caves | Discovered exit to Research (range 8) 22833 | -3/Proximity Caves | Spotted B-86 Titan 22834 | -3/Proximity Caves | Destroyed B-86 Titan 22857 | -3/Proximity Caves | Destroyed 7 combat bots 22907 | -3/Proximity Caves | Entered Research 22907 | -3/Research | Accompanied by 6 allies 22908 | -3/Research | Identified exit to Research 22910 | -3/Research | Loaded intel: 4 garrison access locations 22952 | -3/Research | Discovered new exit (range 3) 22953 | -3/Research | Identified exit to Armory 22992 | -3/Research | Entered Armory 22992 | -3/Armory | Accompanied by 6 allies 22994 | -3/Armory | Reached level 31 23032 | -3/Armory | Spotted B-86 Titan 23043 | -3/Armory | Destroyed B-86 Titan 23077 | -3/Armory | Destroyed 9 combat bots 23160 | -3/Armory | Found Corrupted Prototype Device 23163 | -3/Armory | Destroyed 12 combat bots 23272 | -3/Armory | Discovered exit to Research (range 3) 23411 | -3/Armory | Identified Exp. EM Disruption Field 23541 | -3/Armory | First assault squad dispatched 23592 | -3/Armory | P-80 Master assimilated allied Archangel 8b 23674 | -3/Armory | Destroyed 15 combat bots 23683 | -3/Armory | Incoming investigation squad redirected 23690 | -3/Armory | High security lockdown imminent 23707 | -3/Armory | Discovered exit to Research (range 5) 23730 | -3/Armory | Discovered new exit (range 3) 23770 | -3/Armory | High security lockdown engaged 23826 | -3/Armory | Reached level 32 23878 | -3/Armory | Destroyed 10 combat bots 23982 | -3/Armory | Destroyed 20 combat bots 24047 | -3/Armory | Spotted Investigator 24048 | -3/Armory | Scanned by Researcher 24048 | -3/Armory | Destroyed Investigator 24112 | -3/Armory | Destroyed 16 combat bots 24132 | -3/Armory | Build established: Scavenger-Sprinter 24146 | -3/Armory | Sterilization system engaged 24146 | -3/Armory | Non-combat units ordered to evacuate 24167 | -3/Armory | Destroyed 12 combat bots 24246 | -3/Armory | Combat units ordered to evacuate 24325 | -3/Armory | Destroyed 7 combat bots 24385 | -3/Armory | Found Corrupted Prototype Device 24399 | -3/Armory | Identified Exp. ECM Suite 24404 | -3/Armory | Found Prototype Launcher 24408 | -3/Armory | Identified exit to Lab 24408 | -3/Armory | Entered Lab 24408 | -3/Lab | Discovered exit to Research (range 9) 24410 | -3/Lab | Hidden lab's door opened automatically 24410 | -3/Lab | Sensor layout match revealed 24411 | -3/Lab | Gained access to the hidden lab's interior 24421 | -3/Lab | Identified Containment Facilitator 24432 | -3/Lab | Found Alien Artifact 24437 | -3/Lab | Found Alien Artifact 24437 | -3/Lab | Identified Integrated Reactor 24437 | -3/Lab | Installed Integrated Reactor, increased core energy generation (+10) 24443 | -3/Lab | Found Alien Artifact 24443 | -3/Lab | Identified Core Regenerator 24443 | -3/Lab | Used Core Regenerator, restored core integrity (+0) 24449 | -3/Lab | Found Alien Artifact 24473 | -3/Lab | Found Prototype Energy Gun 24474 | -3/Lab | Found Prototype Energy Cannon 24475 | -3/Lab | Identified Tachyon Dispersion Ray 24485 | -3/Lab | Identified Potential Cannon 24519 | -3/Lab | Found Prototype Protection 24522 | -3/Lab | Identified Hvy. Regenerative Plating 24656 | -3/Lab | Found Prototype Hackware 24672 | -3/Lab | Identified Quantum Router 24690 | -3/Lab | Identified Core Reset Matrix 24690 | -3/Lab | Used Core Reset Matrix 24694 | -3/Lab | Sensed 2 artifacts in vicinity 24699 | -3/Lab | Entered Research 24699 | -2/Research | Warlord forces began assault on 0b10 24701 | -2/Research | Reached level 33 24739 | -2/Research | Identified exit to Testing 24763 | -2/Research | Met up with Warlord 24802 | -2/Research | Spotted B-90 Cyclops 24809 | -2/Research | Research machine network offline 24828 | -2/Research | Found Unknown Device 24828 | -2/Research | Identified Quantum Capacitor 24840 | -2/Research | Warped through subspace 24856 | -2/Research | Warped through subspace 24960 | -2/Research | Found Prototype Processor 24960 | -2/Research | Identified Spectral Analyzer 25030 | -2/Research | Build established: Scavenger-Scout 25134 | -2/Research | Borebot progress halted 25162 | -2/Research | Found Prototype Device 25162 | -2/Research | Identified Adv. Kinecellerator 25164 | -2/Research | Found Prototype Processor 25164 | -2/Research | Identified Exp. Targeting Computer 25285 | -2/Research | Borebot progress halted 25501 | -2/Research | Entered Testing 25505 | -2/Testing | Spotted PL-BE62Q811PE 25564 | -2/Testing | Destroyed PL-BE62Q811PE 25568 | -2/Testing | Found Prototype Device 25568 | -2/Testing | Identified Femtoactuators 25574 | -2/Testing | Found Prototype Slashing Weapon 25575 | -2/Testing | Identified Molecular Scythe 25576 | -2/Testing | Found Exp. Melee Analysis Suite 25615 | -2/Testing | Found Exp. Core Analyzer 25632 | -2/Testing | Found Prototype Processor 25633 | -2/Testing | Identified Exp. Terrain Scan Processor 25672 | -2/Testing | Spotted Striker 25679 | -2/Testing | Found Prototype Device 25679 | -2/Testing | Identified Exp. Hardlight Generator 25713 | -2/Testing | Found Prototype Hackware 25735 | -2/Testing | Identified Ghost Barrier 25750 | -2/Testing | Found Prototype Device 25752 | -2/Testing | Found Prototype Device 25753 | -2/Testing | Identified Exp. Force Field (x2) 25786 | -2/Testing | Incoming investigation squad redirected 25808 | -2/Testing | Found Prototype Energy Cannon 25808 | -2/Testing | Identified Disintegrator 25889 | -2/Testing | Found Prototype Energy Gun 25889 | -2/Testing | Identified Enh. Gamma Rifle 25946 | -2/Testing | Incoming investigation squad redirected 25961 | -2/Testing | Discovered new exit (range 5) 25964 | -2/Testing | Identified exit to Access 25969 | -2/Testing | Found Prototype Energy Cannon 25969 | -2/Testing | Identified Imp. Potential Cannon 25981 | -2/Testing | Found Prototype Leg 25981 | -2/Testing | Identified Myomer Exoskeleton 25995 | -2/Testing | Found Prototype Energy Gun 25995 | -2/Testing | Identified Warp Gun 26001 | -2/Testing | First assault squad dispatched 26007 | -2/Testing | Spotted Fortress 26019 | -2/Testing | Discovered new exit (range 5) 26019 | -2/Testing | Identified exit to Section 7 26030 | -2/Testing | Incoming assault squad redirected 26175 | -2/Testing | Build established: Scavenger-Ninja 26292 | -2/Testing | Search patrols dispatched 26316 | -2/Testing | Entered Section 7 26317 | -2/Section 7 | Sensed 21 artifacts in vicinity 26318 | -2/Section 7 | Spotted S7 Guard 26322 | -2/Section 7 | Found Core Membrane 26328 | -2/Section 7 | Reached level 34 26349 | -2/Section 7 | Installed Core Membrane, gained immunity to corruption 26352 | -2/Section 7 | Found Microwarp Drive 26363 | -2/Section 7 | Found Integrated Dissipator 26363 | -2/Section 7 | Installed Integrated Dissipator, increased core heat dissipation (+20) 26382 | -2/Section 7 | Found Integrated Dissipator 26382 | -2/Section 7 | Installed Integrated Dissipator, increased core heat dissipation (+20) 26427 | -2/Section 7 | Destroyed S7 Guard 26444 | -2/Section 7 | Spotted Alpha 7 26444 | -2/Section 7 | Spotted Alpha 7 26489 | -2/Section 7 | Discovered exit to Access (range 23) 26501 | -2/Section 7 | Found Integrated Reactor 26501 | -2/Section 7 | Installed Integrated Reactor, increased core energy generation (+10) 26513 | -2/Section 7 | Destroyed Alpha 7 26522 | -2/Section 7 | Destroyed Alpha 7 26528 | -2/Section 7 | Found Prototype Ballistic Gun 26528 | -2/Section 7 | Identified Multirail 26550 | -2/Section 7 | Spotted B-99 Colossus 26583 | -2/Section 7 | Found Integrated Dissipator 26583 | -2/Section 7 | Installed Integrated Dissipator, increased core heat dissipation (+20) 26585 | -2/Section 7 | Found Integrated Dissipator 26585 | -2/Section 7 | Installed Integrated Dissipator, increased core heat dissipation (+20) 26592 | -2/Section 7 | Found LRC Boosters 26592 | -2/Section 7 | Installed LRC Boosters, increased mass support (+10) 26594 | -2/Section 7 | Found LRC Energy Well 26594 | -2/Section 7 | Installed LRC Energy Well, increased energy storage capacity (+250) 26602 | -2/Section 7 | First assault squad dispatched 26604 | -2/Section 7 | Found Integrated Reactor 26604 | -2/Section 7 | Installed Integrated Reactor, increased core energy generation (+10) 26750 | -2/Section 7 | Found Transdimensional Reconstructor 26752 | -2/Section 7 | Found Transdimensional Reconstructor 26754 | -2/Section 7 | Found Terrabomb 26786 | -2/Section 7 | Spotted Striker 26786 | -2/Section 7 | Spotted Striker 26791 | -2/Section 7 | Destroyed Striker 26794 | -2/Section 7 | Destroyed Striker 26818 | -2/Section 7 | Found Sigix Shearcannon 26830 | -2/Section 7 | Spotted Striker 26837 | -2/Section 7 | Spotted Executioner 26838 | -2/Section 7 | Spotted Executioner 26842 | -2/Section 7 | Build established: Alien-Sprinter 26842 | -2/Section 7 | Destroyed Executioner 26842 | -2/Section 7 | Destroyed Executioner 26851 | -2/Section 7 | Integrated with Sigix Exoskeleton 26860 | -2/Section 7 | Upgraded with Utility slot (x1) 26860 | -2/Section 7 | Upgraded with Utility slot (x1) 26860 | -2/Section 7 | Upgraded with Power slot (x1) 26860 | -2/Section 7 | Upgraded with Utility slot (x1) 26874 | -2/Section 7 | Found Exp. Core Analyzer 26879 | -2/Section 7 | Found Exp. Targeting Computer 26882 | -2/Section 7 | Found Exp. Core Analyzer 26992 | -2/Section 7 | Scanned by Researcher 26993 | -2/Section 7 | Intercept squad dispatched 26998 | -2/Section 7 | Spotted Tracker 26999 | -2/Section 7 | Spotted Tracker 27004 | -2/Section 7 | Destroyed Tracker 27006 | -2/Section 7 | Destroyed Tracker 27012 | -2/Section 7 | Spotted Combat Programmer 27014 | -2/Section 7 | Spotted Combat Programmer 27023 | -2/Section 7 | Spotted Striker 27023 | -2/Section 7 | Spotted Striker 27023 | -2/Section 7 | Spotted Executioner 27029 | -2/Section 7 | Destroyed Executioner 27032 | -2/Section 7 | Destroyed Striker 27045 | -2/Section 7 | Destroyed Striker 27048 | -2/Section 7 | Core integrity fell below 50% 27055 | -2/Section 7 | Destroyed Combat Programmer 27061 | -2/Section 7 | Destroyed Combat Programmer 27082 | -2/Section 7 | Spotted Striker 27095 | -2/Section 7 | Reached level 35 27105 | -2/Section 7 | Core integrity fell below 20% 27121 | -2/Section 7 | Destroyed Striker 27124 | -2/Section 7 | Spotted Investigator 27124 | -2/Section 7 | Spotted Striker 27125 | -2/Section 7 | Destroyed Investigator 27129 | -2/Section 7 | Warped through subspace 27155 | -2/Section 7 | Destroyed 47 combat bots 27171 | -2/Section 7 | Build established: Alien-Sigix 27175 | -2/Section 7 | Spotted S7 Guard 27215 | -2/Section 7 | Destroyed S7 Guard 27234 | -2/Section 7 | Spotted Striker 27245 | -2/Section 7 | Entered Access 27250 | -1/Access | Emitted hypermatrix ping 27255 | -1/Access | Assembled emerged from beneath the floor 27338 | -1/Access | Assembled emerged from beneath the floor 27495 | -1/Access | First assault squad dispatched 27577 | -1/Access | Incoming investigation squad redirected 27587 | -1/Access | Fabricated Quantum Capacitor (x2) 27591 | -1/Access | Found Exp. Force Field 27630 | -1/Access | Discovered new exit (range 16) 27731 | -1/Access | Intercept squad dispatched 27741 | -1/Access | Reached level 36 27747 | -1/Access | Spotted Tracker 27749 | -1/Access | Spotted Tracker 27750 | -1/Access | Destroyed Tracker 27751 | -1/Access | Garrison activated, responded to threat 27752 | -1/Access | Destroyed Tracker 27754 | -1/Access | Found Exp. Phase Shifter 27773 | -1/Access | Destroyed 17 combat bots 27786 | -1/Access | Spotted Striker 27792 | -1/Access | Destroyed Striker 27793 | -1/Access | Spotted Combat Programmer 27794 | -1/Access | Destroyed Combat Programmer 27810 | -1/Access | Spotted Combat Programmer 27811 | -1/Access | Destroyed Combat Programmer 27853 | -1/Access | Spotted Executioner 27857 | -1/Access | Spotted Executioner 27858 | -1/Access | Destroyed Executioner 27860 | -1/Access | Destroyed Executioner 27864 | -1/Access | Spotted Executioner 27864 | -1/Access | Destroyed Executioner 27866 | -1/Access | Spotted Executioner 27873 | -1/Access | Destroyed Executioner 27886 | -1/Access | Spotted B-99 Colossus 27896 | -1/Access | Destroyed 39 combat bots 27924 | -1/Access | Spotted Investigator 27926 | -1/Access | Destroyed Investigator 27961 | -1/Access | Reached level 37 27999 | -1/Access | Spotted Striker 28000 | -1/Access | Destroyed Striker 28032 | -1/Access | Destroyed 38 combat bots 28121 | -1/Access | Destroyed 18 combat bots 28141 | -1/Access | Spotted Executioner 28156 | -1/Access | Spotted Striker 28156 | -1/Access | Spotted Executioner 28158 | -1/Access | Destroyed Executioner 28160 | -1/Access | Destroyed Executioner 28162 | -1/Access | Destroyed Striker 28185 | -1/Access | Destroyed 8 combat bots 28187 | -1/Access | Destroyed Investigator 28201 | -1/Access | Sterilization system engaged 28215 | -1/Access | Destroyed 8 combat bots 28232 | -1/Access | Spotted Striker 28232 | -1/Access | Spotted Striker 28232 | -1/Access | Spotted Executioner 28245 | -1/Access | Destroyed Striker 28247 | -1/Access | Destroyed Executioner 28268 | -1/Access | Spotted Striker 28270 | -1/Access | Destroyed Striker 28273 | -1/Access | Spotted Executioner 28275 | -1/Access | Destroyed Executioner 28275 | -1/Access | Spotted Executioner 28277 | -1/Access | Destroyed Executioner 28284 | -1/Access | Spotted Striker 28285 | -1/Access | Spotted Striker 28286 | -1/Access | Destroyed Striker 28288 | -1/Access | Destroyed Striker 28324 | -1/Access | Destroyed 24 combat bots 28361 | -1/Access | Destroyed B-99 Colossus 28442 | -1/Access | Assembled emerged from beneath the floor 28485 | -1/Access | Assembled emerged from beneath the floor 28498 | -1/Access | Spotted B-99 Colossus 28501 | -1/Access | Ambient heat levels rising (+10) 28503 | -1/Access | Destroyed B-99 Colossus 28512 | -1/Access | Assembled emerged from beneath the floor 28549 | -1/Access | Reached level 38 28604 | -1/Access | Spotted B-99 Colossus 28613 | -1/Access | Destroyed B-99 Colossus 28618 | -1/Access | Assembled emerged from beneath the floor 28651 | -1/Access | Ambient heat levels rising (+10) 28683 | -1/Access | Destroyed 37 combat bots 28685 | -1/Access | Assembled emerged from beneath the floor 28697 | -1/Access | Assembled emerged from beneath the floor 28753 | -1/Access | Discovered new exit (range 18) 28774 | -1/Access | Found Prototype Device 28776 | -1/Access | Identified Exp. Shock Absorption System 28799 | -1/Access | Assembled emerged from beneath the floor 28801 | -1/Access | Ambient heat levels rising (+10) 28838 | -1/Access | Assembled emerged from beneath the floor 28904 | -1/Access | Reached level 39 28922 | -1/Access | Assembled emerged from beneath the floor 28947 | -1/Access | Destroyed 8 combat bots 28951 | -1/Access | Ambient heat levels rising (+10) 28998 | -1/Access | Upgraded with Utility slot (x1) 29030 | -1/Access | Assembled emerged from beneath the floor 29064 | -1/Access | Spotted B-99 Colossus 29067 | -1/Access | Destroyed B-99 Colossus 29077 | -1/Access | Found Prototype Device 29101 | -1/Access | Ambient heat levels rising (+10) 29185 | -1/Access | Identified Thermal Barrier 29195 | -1/Access | Crushed by falling debris 29197 | -1/Access | Energy Cycler disabled 29231 | -1/Access | Destroyed B-99 Colossus 29235 | -1/Access | Entered Command 29240 | -1/Command | Emitted hypermatrix ping 29245 | -1/Command | Assembled emerged from beneath the floor 29284 | -1/Command | Assembled emerged from beneath the floor 29303 | -1/Command | High security lockdown imminent 29333 | -1/Command | Assembled emerged from beneath the floor 29335 | -1/Command | Destroyed 7 combat bots 29371 | -1/Command | Assembled emerged from beneath the floor 29382 | -1/Command | Assembled emerged from beneath the floor 29383 | -1/Command | High security lockdown engaged 29390 | -1/Command | Assembled emerged from beneath the floor 29411 | -1/Command | Destroyed 7 combat bots 29461 | -1/Command | Assembled emerged from beneath the floor 29480 | -1/Command | Phase Generator disabled 29497 | -1/Command | Discovered new exit (range 18) 29533 | -1/Command | Spotted Investigator 29537 | -1/Command | Spotted Executioner 29537 | -1/Command | Spotted Striker 29537 | -1/Command | Spotted Executioner 29537 | -1/Command | Spotted Striker 29537 | -1/Command | Spotted Striker 29553 | -1/Command | Destroyed Striker 29555 | -1/Command | Destroyed Executioner 29561 | -1/Command | Destroyed Striker 29562 | -1/Command | Destroyed Striker 29565 | -1/Command | Destroyed Executioner 29567 | -1/Command | Found Exp. Core Analyzer 29580 | -1/Command | Upgraded with Utility slot (x1) 29600 | -1/Command | Destroyed 24 combat bots 29684 | -1/Command | Destroyed Executioner 29707 | -1/Command | Spotted Striker 29711 | -1/Command | Destroyed Striker 29712 | -1/Command | Destroyed Executioner 29737 | -1/Command | Destroyed 22 combat bots 29815 | -1/Command | Spotted Executioner 29815 | -1/Command | Spotted Striker 29815 | -1/Command | Spotted Alpha 7 29817 | -1/Command | Spotted Executioner 29826 | -1/Command | Destroyed Striker 29835 | -1/Command | Destroyed Executioner 29836 | -1/Command | Destroyed Alpha 7 29837 | -1/Command | Destroyed Executioner 29842 | -1/Command | Spotted Alpha 7 29844 | -1/Command | Found Unknown Device 29844 | -1/Command | Identified Antimissile System 29846 | -1/Command | Spotted Striker 29850 | -1/Command | Spotted Executioner 29851 | -1/Command | Destroyed Striker 29851 | -1/Command | Spotted Executioner 29851 | -1/Command | Destroyed Alpha 7 29853 | -1/Command | Destroyed Executioner 29854 | -1/Command | Spotted B-99 Colossus 29855 | -1/Command | Destroyed Executioner 29855 | -1/Command | Destroyed B-99 Colossus 29857 | -1/Command | Spotted B-99 Colossus 29859 | -1/Command | Destroyed B-99 Colossus 29880 | -1/Command | Destroyed 10 combat bots 29890 | -1/Command | Spotted Executioner 29890 | -1/Command | Spotted Striker 29900 | -1/Command | Spotted Striker 29900 | -1/Command | Destroyed Striker 29903 | -1/Command | Spotted Executioner 29903 | -1/Command | Destroyed Striker 29904 | -1/Command | Spotted Investigator 29918 | -1/Command | Destroyed Investigator 29926 | -1/Command | Destroyed Executioner 29944 | -1/Command | Destroyed Striker 29950 | -1/Command | Destroyed Executioner 29975 | -1/Command | Spotted Executioner 29975 | -1/Command | Spotted Executioner 29990 | -1/Command | Destroyed Executioner 29992 | -1/Command | Destroyed Executioner 30053 | -1/Command | Reached level 40 30103 | -1/Command | Destroyed 73 combat bots 30109 | -1/Command | Spotted Executioner 30127 | -1/Command | Spotted Executioner 30127 | -1/Command | Spotted Executioner 30127 | -1/Command | Spotted Executioner 30127 | -1/Command | Spotted Striker 30127 | -1/Command | Spotted Striker 30127 | -1/Command | Destroyed Striker 30134 | -1/Command | Destroyed Striker 30146 | -1/Command | Spotted Executioner 30147 | -1/Command | Destroyed Executioner 30148 | -1/Command | Destroyed Executioner 30148 | -1/Command | Destroyed Executioner 30149 | -1/Command | Destroyed Executioner 30155 | -1/Command | Destroyed Executioner 30211 | -1/Command | Spotted Striker 30214 | -1/Command | Destroyed Executioner 30214 | -1/Command | Spotted Executioner 30218 | -1/Command | Spotted Executioner 30218 | -1/Command | Spotted Striker 30218 | -1/Command | Spotted Executioner 30220 | -1/Command | Destroyed Striker 30220 | -1/Command | Destroyed Executioner 30242 | -1/Command | Destroyed 66 combat bots 30244 | -1/Command | Destroyed Striker 30266 | -1/Command | Destroyed Executioner 30268 | -1/Command | Destroyed Executioner 30417 | -1/Command | Destroyed 51 combat bots 30501 | -1/Command | Destroyed 15 combat bots 30506 | -1/Command | Spotted Investigator 30507 | -1/Command | Destroyed Investigator 30575 | -1/Command | Destroyed 14 combat bots 30779 | -1/Command | Destroyed 32 combat bots 30935 | -1/Command | Destroyed 50 combat bots 31120 | -1/Command | Destroyed 70 combat bots 31163 | -1/Command | Destroyed 8 combat bots 31254 | -1/Command | Destroyed 35 combat bots 31336 | -1/Command | Spotted B-99 Colossus 31339 | -1/Command | Destroyed B-99 Colossus 31462 | -1/Command | Spotted M Guard 31462 | -1/Command | Spotted M Guard 31462 | -1/Command | Spotted Combat Programmer 31479 | -1/Command | Spotted Combat Programmer 31479 | -1/Command | Destroyed Combat Programmer 31481 | -1/Command | Destroyed Combat Programmer 31526 | -1/Command | Destroyed M Guard 31530 | -1/Command | Destroyed M Guard 31530 | -1/Command | All MAIN.C guards destroyed 31534 | -1/Command | Found Prototype Device 31534 | -1/Command | Identified AEGIS Remote Shield 31537 | -1/Command | Found Prototype Reactor 31537 | -1/Command | Identified Zero-point Reactor 31539 | -1/Command | Found Zero-point Reactor 31560 | -1/Command | Found Exp. Core Analyzer 31613 | -1/Command | Found Prototype Launcher 31616 | -1/Command | Identified Ragnarok Missile Launcher 31618 | -1/Command | Found Prototype Launcher 31619 | -1/Command | Identified Adv. Micro-nuke Launcher 31621 | -1/Command | Found Prototype Energy Cannon 31622 | -1/Command | Identified Cld. Nova Cannon 31635 | -1/Command | Found Cld. Nova Cannon 31671 | -1/Command | Met MAIN.C 31676 | -1/Command | 0b10 Conduit disabled 31685 | -1/Command | MAIN.C's shell transforms into a squad of autonomous robots 31685 | -1/Command | Destroyed MAIN.C Shell 31685 | -1/Command | Spotted M Shell/Def 31685 | -1/Command | Spotted M Shell/Atk 31685 | -1/Command | Spotted M Shell/Def 31685 | -1/Command | Spotted M Shell/Atk 31685 | -1/Command | Spotted M Shell/Atk 31685 | -1/Command | Spotted M Shell/Def 31685 | -1/Command | Spotted M Shell/Atk 31685 | -1/Command | Spotted M Shell/Def 31685 | -1/Command | Destroyed M Shell/Def 31686 | -1/Command | MAIN.C activated Command garrisons 31686 | -1/Command | Used Terrabomb 31691 | -1/Command | Discovered new exit (range 17) 31707 | -1/Command | Found Prototype Device 31707 | -1/Command | Identified Exp. ECM Suite 31709 | -1/Command | Found Prototype Device 31709 | -1/Command | Identified Exp. System Purifier 31720 | -1/Command | Destroyed MAIN.C 31722 | -1/Command | Discovered new exit (range 30) 31722 | -1/Command | Discovered new exit (range 102) 31722 | -1/Command | Extracted map data and part IDs from MAIN.C's data core 31723 | -1/Command | Found Beam Splitter 31731 | -1/Command | Destroyed M Shell/Atk 31731 | -1/Command | Destroyed M Shell/Atk 31732 | -1/Command | Destroyed M Shell/Atk 31734 | -1/Command | Destroyed M Shell/Atk 31735 | -1/Command | Destroyed M Shell/Def 31747 | -1/Command | Destroyed M Shell/Def 31751 | -1/Command | Destroyed M Shell/Def 31783 | -1/Command | Destroyed 11 combat bots 31833 | -1/Command | Spotted B-99 Colossus 31835 | -1/Command | Destroyed B-99 Colossus 31941 | -1/Command | Found Exp. Targeting Computer 32059 | -1/Command | Warped through subspace to slip node 32059 | -1/Command | Discovered new exit (range 5) 32069 | -1/Command | Entered Access_0 32070 | -1/Access_0 | Sensed 3 artifacts in vicinity 32070 | -1/Access_0 | Met Architect 32072 | -1/Access_0 | Architect warped through subspace 32072 | -1/Access_0 | Destroyed A8 32105 | -1/Access_0 | Found Core Expander 32105 | -1/Access_0 | Installed Core Expander, added new Weapon slot 32113 | -1/Access_0 | Architect warped through subspace 32132 | -1/Access_0 | A6 warped into view 32132 | -1/Access_0 | Architect warped through subspace 32139 | -1/Access_0 | Destroyed A6 32160 | -1/Access_0 | Found Integrated Dissipator 32160 | -1/Access_0 | Installed Integrated Dissipator, increased core heat dissipation (+20) 32165 | -1/Access_0 | Subspace Access Node disabled 32168 | -1/Access_0 | Architect warped through subspace 32177 | -1/Access_0 | Destroyed 7 combat bots 32213 | -1/Access_0 | Found Centrium Greatsword 32226 | -1/Access_0 | A5 warped into view 32228 | -1/Access_0 | Destroyed A5 32231 | -1/Access_0 | Architect warped through subspace 32245 | -1/Access_0 | Found Hpw. Transdimensional Reconstructor 32258 | -1/Access_0 | Architect warped through subspace 32271 | -1/Access_0 | Destroyed A2 32272 | -1/Access_0 | Extracted Singularity Gate Test 138-C access codes from A2's data core 32292 | -1/Access_0 | Destroyed 8 combat bots 32307 | -1/Access_0 | Singularity Gate disabled 32314 | -1/Access_0 | Architect warped through subspace 32340 | -1/Access_0 | Architect warped through subspace 32354 | -1/Access_0 | Architect warped through subspace 32368 | -1/Access_0 | A4 warped into view 32368 | -1/Access_0 | Architect warped through subspace 32374 | -1/Access_0 | Destroyed A4 32382 | -1/Access_0 | Subspace Access Node disabled 32399 | -1/Access_0 | Destroyed 9 combat bots 32412 | -1/Access_0 | Subspace Access Node disabled 32412 | -1/Access_0 | Reached level 41 32451 | -1/Access_0 | Subspace Access Node disabled 32458 | -1/Access_0 | Destroyed Architect 32459 | -1/Access_0 | Extracted unknown sensor trigger ID from Architect's data core 32462 | -1/Access_0 | Found Prototype Hackware 32463 | -1/Access_0 | Found Prototype Hackware 32465 | -1/Access_0 | Found Prototype Protection 32465 | -1/Access_0 | Identified Centrium Linked Plating 32466 | -1/Access_0 | Identified Architect God Chip D (x2) 32468 | -1/Access_0 | Found Architect God Chip D 32470 | -1/Access_0 | Found Prototype Hackware 32470 | -1/Access_0 | Identified Architect God Chip A 32486 | -1/Access_0 | Upgraded with Propulsion slot (x1) 32490 | -1/Access_0 | Found Hpw. Transdimensional Reconstructor 32573 | -1/Access_0 | A3 warped into view 32578 | -1/Access_0 | Destroyed A3 32582 | -1/Access_0 | Found Prototype Ballistic Gun 32582 | -1/Access_0 | Identified A3's Sniper Rifle 32624 | -1/Access_0 | Found Prototype Device 32624 | -1/Access_0 | Identified Desublimator 32752 | -1/Access_0 | Build established: Wizard-Sigix 32813 | -1/Access_0 | Warped through subspace to slip node 32813 | -1/Access_0 | Discovered new exit (range 8) 32817 | *** | Heading to fleet! Last Messages --------------- 32780_ Used Protomatter to restore core integrity (+36) 32782_ Used Protomatter to restore part integrity (+29) 32787_ Quantum Shear penetrates Enhanced Grunt. 32787_ Destroyed Adv. Particle Charger. 32787_ Quantum Shear penetrates Enhanced Grunt. 32788_ Enhanced Grunt destroyed. 32788_ Quantum Shear penetrates Earth. 32790_ Quantum Shear penetrates Enhanced Grunt. 32790_ Enhanced Grunt destroyed. 32790_ Quantum Shear penetrates Earth. 32791_ Acquired 20 matter. 32791_ Quantum Shear penetrates Enhanced Grunt. 32791_ Enhanced Grunt destroyed. 32791_ Quantum Shear penetrates Earth. 32798_ Protomatter-53 decays. 32813_ Discarded Architect God Chip D. 32813_ Warped through subspace, drawn to slip node. 32813_ EXIT=FOUND [Achievement: Death Machine] [Achievement: Superachiever] Map ----- +----------------------------------------------------+ | | | | | | | | | | | | | | | | | | | | | | | | | | | | | | | | | ???????????###########################???????????? | | ??????????#############################??????????? | | ??????????#############################??????????? | | ?????????###############################?????????? | | ????????#################################????????? | | ????????#################################????????? | | ????????#################################????????? | | ???????################## ################???????? | | ???????################# ###############???????? | | ???????################# X ###############???????? | | ???????################# ###############???????? | | ???????################ ###############???????? | | ??????################# #################??????? | | ???????################# ###############???????? | | ???????################ ###############???????? | | ??????################# #################??????? | | ??????################# < ################??????? | | ???????################ ################???????? | | ???????################# ################???????? | | ???????###################################???????? | | ???????###################################???????? | | ???????###################################???????? | | ????????#################################????????? | | ????????#################################????????? | | ????????#################################????????? | | ?????????###############################?????????? | | ??????????#############################??????????? | | ??????????#############################??????????? | | ???????????###########################???????????? | | ????????????#########################????????????? | | ?????????????#######################?????????????? | | ???????????????###################???????????????? | | ????????????????#################????????????????? | | ???????????????????###########???????????????????? | +----------------------------------------------------+ Best States ------------- Heat Dissipation 322 Energy Generation 144 Energy Capacity 1650 Matter Stores 300 Matter Capacity 300 Sight Range 24 Robot Scan Range 20 Terrain Scan Range 24 Terrain Scan Density 210 Jamming Range 16 Additional Mass Support 9 Base Temperature (-) 200 Corruption Containment 12 Armor Coverage 225 Resistance: KI 50 Resistance: TH 50 Resistance: EX 50 Resistance: EM 50 Resistance: I 50 Resistance: S 50 Resistance: P 50 Propulsion Shielding 90 Point Defense Rating 240 Weapon Cycling 25 Melee Speed Boost 50 Phase Shifting 20 Evasion (%) 96 Targeting Accuracy 12 Melee Accuracy 24 Target Analysis 8 Core Analysis 12 Armor Integrity Analysis 40 Recoil Reduction 3 Energy Filtering 50 Force Boost 40 Offensive Hacking 110 Defensive Hacking 100 Item Schematics ----------------- Biometal Heavy Treads | -2/Research | Hacked Quantum Capacitor | -2/Testing | Scanalyzed Exp. Melee Analysis Suite | -2/Testing | Scanalyzed Exp. System Shield | -2/Testing | Archive Cld. Q-thruster | -2/Testing | Scanalyzed Cld. Gravmag System | -2/Section 7 | Archive Exp. Reaction Control System | -2/Section 7 | Archive Graviton Reactor | -2/Section 7 | Archive Cld. Nuclear Pulse Thruster | -2/Section 7 | Archive Helical Railgun | -2/Section 7 | Archive Exp. Thermal Generator | -2/Section 7 | Archive Robot Schematics ------------------ K-01 Serf | -2/Testing | Archive C-65 Expert | -2/Testing | Archive A-15 Conveyor | -2/Testing | Archive W-44 Eye | -2/Testing | Archive A-27 Freighter | -2/Section 7 | Archive G-67 Veteran | -2/Section 7 | Archive R-10 Processor | -2/Section 7 | Archive G-73 Enforcer | -2/Section 7 | Archive R-06 Scavenger | -2/Section 7 | Archive Fabricated ------------ Lgt. Regenerative Plating | x1 | -6/Factory Mic. Fission Core | x2 | -6/Factory Adv. Force Booster | x2 | -5/Factory | Preloaded Cld. Cesium-ion Thruster | x1 | -5/Factory Cld. Cesium-ion Thruster | x1 | -5/Factory Imp. Diametric Drive | x1 | -4/Factory Imp. Diametric Drive | x1 | -4/Factory Imp. Diametric Drive | x1 | -4/Factory Imp. Diametric Drive | x1 | -4/Factory Prc. Energy Filter | x1 | -4/Factory Quantum Capacitor | x2 | -1/Access Alien Tech Used ----------------- Integrated Dissipator Integrated Reactor Core Regenerator Core Reset Matrix Transdimensional Reconstructor Core Membrane LRC Boosters LRC Energy Well Sigix Shearcannon Sigix Exoskeleton Sigix Sheargun Terrabomb Core Expander High-powered Transdimensional Reconstructor Achievements -------------- 404 Below Death Machine Gladiator Most Wanted Party Time Production Line Superachiever Treasure Hunter Wheee! Challenges ------------ None RPGLIKE | -11 -10 -10 -9 -9 -9 -8 -8 -7 -7 -7 -7 -6 -6 -6 -6 -6 -6 -5 -5 -5 -5 -5 -5 -4 -4 -4 -4 -4 -4 -4 -3 -3 -3 -3 -2 -2 -2 -1 -1 -1 --------- Run | Scr Mat Min Mat Min Exi Min Mat Fac Low Low Dat Pro Fac Ext Cet Arc Hub Fac Was Fac Upp Upp War Pro Fac Was Fac Upp Upp Zhi Pro Res Arm Lab Res Tes Sec Acc Com Ac0 Levels Raised 40 | . 1 2 5 1 . 1 3 5 . . . 1 3 . . 1 . . 1 1 1 . . . 1 . 1 . . . 1 . 2 . 1 . 2 4 1 1 XP Earned 63220 | 3000 2525 2010 8808 1142 117 1501 4160 7285 314 262 73 1145 3957 972 218 67 277 1159 32 2836 153 111 232 444 996 22 2302 216 71 50 1043 356 2324 490 843 620 2102 6000 2505 480 XP Spent 61115 | 3000 1250 3205 7070 1100 . 1400 4950 7800 . . . . 4250 1500 . . . . 2100 370 . . 1750 . 320 . . . . . . . 1050 . . . 9800 3500 3800 2900 Upgrades 80 | 14 6 7 17 1 . 1 5 5 . . . . 7 1 . . . . 1 2 . . 1 . 2 . . . . . . . 1 . . . 5 1 1 2 Power Slot 2 | . . . . . . . 1 . . . . . . . . . . . . . . . . . . . . . . . . . . . . . 1 . . . Propulsion Slot 6 | 1 . 1 1 . . . 1 1 . . . . . . . . . . . . . . . . . . . . . . . . . . . . . . . 1 Utility Slot 12 | 1 1 1 . . . 1 1 2 . . . . . . . . . . . . . . . . . . . . . . . . . . . . 3 1 1 . Weapon Slot 3 | 1 . 1 . 1 . . . . . . . . . . . . . . . . . . . . . . . . . . . . . . . . . . . . Core Integrity 8 | . . 3 4 . . . . . . . . . . . . . . . . 1 . . . . . . . . . . . . . . . . . . . . Heat Dissipation 7 | . 5 . . . . . . . . . . . . . . . . . . . . . . . 2 . . . . . . . . . . . . . . . Energy Generation 4 | . . . 2 . . . . 1 . . . . . . . . . . . . . . . . . . . . . . . . 1 . . . . . . . Mass Support 5 | . . . 2 . . . 1 . . . . . 1 . . . . . 1 . . . . . . . . . . . . . . . . . . . . . Inventory Capacity 7 | 1 . . 2 . . . . 1 . . . . 1 1 . . . . . . . . 1 . . . . . . . . . . . . . . . . . Sight Range 2 | 1 . . . . . . . . . . . . . . . . . . . . . . . . . . . . . . . . . . . . 1 . . . Sensor Range 10 | 8 . . . . . . 1 . . . . . . . . . . . . 1 . . . . . . . . . . . . . . . . . . . . Terrain Scan Density 2 | 1 . . 1 . . . . . . . . . . . . . . . . . . . . . . . . . . . . . . . . . . . . . Ranged Accuracy 6 | . . 1 4 . . . . . . . . . . . . . . . . . . . . . . . . . . . . . . . . . . . . 1 Hack Attack % 2 | . . . 1 . . . . . . . . . 1 . . . . . . . . . . . . . . . . . . . . . . . . . . . KI Resistance % 2 | . . . . . . . . . . . . . 2 . . . . . . . . . . . . . . . . . . . . . . . . . . . TH Resistance % 2 | . . . . . . . . . . . . . 2 . . . . . . . . . . . . . . . . . . . . . . . . . . . Protomatter Created 29937 | . 234 93 488 68 92 47 506 1887 245 186 . 536 2267 522 102 148 70 592 88 1088 34 184 321 268 415 176 1819 299 128 . 531 . 1402 . 50 55 1368 4542 7469 1617 Integrity Restored 29016 | . 398 279 843 185 276 141 919 2631 679 291 . 277 2878 1078 315 451 72 1110 . 2363 93 453 873 118 406 . 1733 268 61 2 460 . 2233 . 262 123 1546 1610 2810 779 Core 22826 | . 296 279 685 138 276 141 662 2329 396 237 . 222 2401 690 315 294 72 820 . 2027 93 453 411 94 334 . 1394 157 48 . 369 . 1720 . 218 87 1291 1312 1982 583 Parts 6190 | . 102 . 158 47 . . 257 302 283 54 . 55 477 388 . 157 . 290 . 336 . . 462 24 72 . 339 111 13 2 91 . 513 . 44 36 255 298 828 196 Protomatter Decayed 23930 | . 95 . 202 55 7 . 192 980 . 134 . 472 1223 397 . 80 94 169 . 781 . 14 913 89 184 43 1092 109 78 76 366 . 946 . 1756 129 860 4380 6823 1191 Game ------ Seed MakeshiftMyomerWarhead Manual? 0 Play Time 19:27:07 Cumulative 354.8 hours Start 2022.09.11 @ 19:03:06 End 2022.09.15 @ 13:42:17 Sessions 49 Manual Loads 0 Difficulty Rogue Special Mode Winter2019/RPGLIKE Game No. 52 Rogue 45 Adventurer 1 Explorer 6 Win Type 2 Total 22 Types 5/3/7/1/1/1/2/1/1 Lore% 89 Gallery% 90 Achievement% 75 Wizard Run 0 Options --------- ASCII 0 Keyboard 0 Movement Mouse Keybinds 0 Fullscreen 1 Font 18/SmallcapsGlow Map View 76x50 Tactical HUD 1 Map Filters NONE Filters NONE Steam 1 RUN: 6581b4fc-63dc-4776-86e5-b78e7305f399